 Dungeon Crawl Stone Soup version 0.27.1-34-g3ba077fa99 (webtiles) character file.

Game seed: 9853660033468741552

1491889 comborobin the Heavyweight Champion (level 27, -2/484 HPs)
             Began as a Troll Delver on Jan 9, 2022.
             Was the Champion of Cheibriados.
             Slain by a royal mummy (11 damage)
             ... on level 3 of the Tomb of the Ancients.
             The game lasted 07:03:40 (103953 turns).

comborobin the Heavyweight Champion (TrDe)        Turns: 103953, Time: 07:03:40

Health: -2/484     AC: 33    Str: 43    XL:     27
Magic:  4/46       EV:  1    Int: 34    God:    Cheibriados [******]
Gold:   9233       SH: 16    Dex: 21    Spells: 1/66 levels left

rFire    + + +     SeeInvis .     - Unarmed
rCold    + + +     Faith    .   c - +2 shield of Resistance {rF++ rC++ Will++}
rNeg     + + +     Spirit   .   (armour currently unavailable)
rPois    +         Reflect  .   (helmet currently unavailable)
rElec    .         Harm     .   (cloak currently unavailable)
rCorr    .         Rampage  .   (gloves unavailable)
Will     ++++.     Rnd*Rage +   (boots unavailable) Stlth ++++......NoTele +
                                j - amulet of Intercession {rPois rF+ Regen+ Dex-5 Slay+2}
HPRegen  3.90/turn              E - ring of wizardry
MPRegen  0.30/turn              A - ring of Neopsut {Wiz rF++ rC+ Int+4}

@: brilliant, tree-form (expiring), silenced, very slightly contaminated,
slowed, studying 3 skills, very slow
A: stationary, stasis, torment immunity, boosted hp, large, unfitting armour,
(claws 3), regeneration 2, (shaggy fur 1), (tough skin 1), (iridescent scales
1), berserk 1, (deformed body), screaming 1, (teleportitis 1), noise suppression
}: 14/15 runes: decaying, serpentine, slimy, silver, iron, obsidian, icy, bone,
abyssal, demonic, glowing, magical, fiery, dark
a: Renounce Religion


You were on level 3 of the Tomb of the Ancients.
You worshipped Cheibriados.
Cheibriados was exalted by your worship.
You were a tree.
You visited 18 branches of the dungeon, and saw 90 of its levels.
You visited Pandemonium 2 times, and saw 54 of its levels.
You visited the Abyss 118 times.
You visited 1 ziggurat, and saw 19 of its levels.
You also visited: Trove, Sewer, Ossuary, Gauntlet and Ice Cave.

You collected 14791 gold pieces.
You spent 5558 gold pieces at shops.

Inventory:

Missiles
 h - 7 throwing nets
 G - 80 large rocks (quivered)
Armour
 c - the +2 shield of Resistance (worn) {rF++ rC++ Will++}
   (You found it on level 18 of a ziggurat)

   rF:        It greatly protects you from fire.
   rC:        It greatly protects you from cold.
   Will:      It greatly increases your willpower.
 e - a +2 hat of stealth (melded)
 u - a +8 tower shield of resistance
 z - a +2 cloak of preservation (melded)
 O - a +2 robe of the Archmagi (melded)
 P - a +4 troll leather armour
 W - the +5 kite shield of the Cobbler {Str+4 Int+5}
   (You bought it in a shop on level 1 of the Elven Halls)

   Str:       It affects your strength (+4).
   Int:       It affects your intelligence (+5).
Magical Staves
 b - a staff of air
Jewellery
 f - the ring of Harmony {rF+ rN+ Will+ Str+2 Int+4}
   (You found it on level 3 of the Crypt)

   [ring of positive energy]

   Str:       It affects your strength (+2).
   Int:       It affects your intelligence (+4).
   rF:        It protects you from fire.
   rN:        It protects you from negative energy.
   Will:      It increases your willpower.
 j - the amulet of Intercession (around neck) {rPois rF+ Regen+ Dex-5 Slay+2}
   (You found it on level 8 of a ziggurat)

   [amulet of regeneration]

   Dex:       It affects your dexterity (-5).
   Slay:      It affects your accuracy & damage with ranged weapons and melee
   (+2).
   rF:        It protects you from fire.
   rPois:     It protects you from poison.
   Regen:     It increases your rate of health regeneration.
 o - the amulet "Tejo" {RegenMP rC+ Int+4}
   (You found it on level 16 of a ziggurat)

   [amulet of magic regeneration]

   It increases your rate of magic regeneration.
   Int:       It affects your intelligence (+4).
   rC:        It protects you from cold.
 t - the amulet of the Air {Inacc Air Fly rElec RMsl}
   (You took it off a deep elf death mage on level 3 of the Elven Halls)

   [amulet of nothing]

   It reduces the accuracy of all your attacks.
   It enhances your air magic.
   rElec:     It insulates you from electricity.
   Fly:       It grants you flight.
   RMsl:      It protects you from missiles.
 A - the ring of Neopsut (right branch) {Wiz rF++ rC+ Int+4}
   (You took it off a deep elf death mage on level 3 of the Elven Halls)

   [ring of wizardry]

   It improves your spell success rate.
   Int:       It affects your intelligence (+4).
   rF:        It greatly protects you from fire.
   rC:        It protects you from cold.
 C - the ring of Geopra {rPois rF+ rN+ SInv}
   (You acquired it on level 1 of the Abyss)

   [ring of positive energy]

   rF:        It protects you from fire.
   rPois:     It protects you from poison.
   rN:        It protects you from negative energy.
   SInv:      It lets you see invisible.
 E - a ring of wizardry (left branch)
 L - the ring of Xom's Recklessness {rC+ rN+ Dex+2}
   (You found it in an ice cave)

   [ring of positive energy]

   Dex:       It affects your dexterity (+2).
   rC:        It protects you from cold.
   rN:        It protects you from negative energy.
 Q - the ring of Syoqij {rCorr Int+2 Slay+6}
   (You found it on level 12 of a ziggurat)

   [ring of resist corrosion]

   Int:       It affects your intelligence (+2).
   Slay:      It affects your accuracy & damage with ranged weapons and melee
   (+6).
   rCorr:     It protects you from acid and corrosion.
 S - the ring "Fetigh" {rPois rCorr Str+4 Int+2}
   (You found it on level 3 of the Crypt)

   [ring of resist corrosion]

   Str:       It affects your strength (+4).
   Int:       It affects your intelligence (+2).
   rPois:     It protects you from poison.
   rCorr:     It protects you from acid and corrosion.
 V - the ring "Teamaz" {rPois Str-2 Int+3 Dex+6 SInv}
   (You took it off a deep elf blademaster on level 3 of the Elven Halls)

   [ring of dexterity]

   Str:       It affects your strength (-2).
   Int:       It affects your intelligence (+3).
   Dex:       It affects your dexterity (+6).
   rPois:     It protects you from poison.
   SInv:      It lets you see invisible.
Wands
 K - a wand of digging (33)
 M - a wand of acid (80)
Scrolls
 a - 18 scrolls of fog
 g - 19 scrolls of immolation
 i - 8 scrolls of vulnerability
 l - 18 scrolls of teleportation
 p - 7 scrolls of torment
 r - 5 scrolls of amnesia
 v - 2 scrolls of enchant armour
 w - 14 scrolls of magic mapping
 x - 3 scrolls of summoning
 F - 15 scrolls of noise
 H - 9 scrolls of fear
 I - 3 scrolls of silence
 U - 86 scrolls of identify
 Z - 18 scrolls of blinking
Potions
 d - 3 potions of cancellation
 k - 12 potions of ambrosia
 m - 10 potions of brilliance
 n - 11 potions of magic
 q - 38 potions of curing
 s - 10 potions of attraction
 y - 9 potions of resistance
 B - 11 potions of might
 J - 16 potions of heal wounds
 N - 3 potions of flight
 R - 12 potions of invisibility
 X - 21 potions of lignification
Miscellaneous
 D - a condenser vane
 Y - a phantom mirror


   Skills:
 O Level 27 Fighting
 - Level 5.0 Polearms
 - Level 5.0 Throwing
 - Level 5.0 Armour
 - Level 23.8 Dodging
 - Level 9.6 Stealth
 - Level 9.0 Shields
 O Level 27 Unarmed Combat
 - Level 20.4 Spellcasting
 - Level 3.0 Summonings
 - Level 15.4 Necromancy
 - Level 10.0 Translocations
 - Level 15.6 Transmutations
 - Level 5.0 Ice Magic
 - Level 12.0 Air Magic
 + Level 16.0 Earth Magic
 - Level 18.0 Poison Magic
 - Level 15.5 Invocations
 - Level 4.8 Evocations


You had one spell level left.
You knew the following spells:

 Your Spells              Type           Power      Damage    Failure   Level
a - Shatter               Erth           60%        3d45*     32%         9
g - Sublimation of Blood  Necr           59%        N/A       0%          2
h - Passage of Golubria   Tloc           N/A        N/A       1%          4
o - Ozocubu's Armour      Ice            80%        N/A       1%          3
A - Apportation           Tloc           100%       N/A       0%          1
B - Eringya's Noxious Bo  Tmut/Pois      61%        N/A       1%          6
D - Dragon Form           Tmut           59%        N/A       1%          7
M - Manifold Assault      Tloc           100%       N/A       1%          5
N - Necromutation         Tmut/Necr      59%        N/A       3%          8
R - Storm Form            Tmut/Air       57%        N/A       1%          7
S - Wereblood             Tmut           100%       N/A       0%          2
T - Statue Form           Tmut/Erth      79%        N/A       1%          6
U - Silence               Hex/Air        42%        N/A       1%          5

Your spell library contained the following spells:

 Spells                   Type           Power      Damage    Failure   Level
 Animate Skeleton         Necr           100%       N/A       0%          1
 Beastly Appendage        Tmut           100%       N/A       0%          1
 Pain                     Necr           100%       1d9       0%          1
 Sandblast                Erth           100%       2d20      0%          1
 Sting                    Tmut/Pois      100%       1d8       0%          1
 Corona                   Hex            56%        N/A       1%          1
 Foxfire                  Conj/Fire      100%       2x1d9     1%          1
 Freeze                   Ice            100%       1d11      1%          1
 Magic Dart               Conj           100%       1d8       1%          1
 Shock                    Conj/Air       100%       1d9       1%          1
 Summon Small Mammal      Summ           100%       N/A       1%          1
 Blink                    Tloc           N/A        N/A       0%          2
 Corpse Rot               Necr/Air       N/A        N/A       0%          2
 Passwall                 Tmut/Erth      99%        N/A       0%          2
 Poisonous Vapours        Pois/Air       100%       N/A       0%          2
 Spider Form              Tmut/Pois      61%        N/A       0%          3
 Swiftness                Air            100%       N/A       0%          3
 Vampiric Draining        Necr           59%        2d14      0%          3
 Animate Dead             Necr           59%        N/A       0%          4
 Dispel Undead            Necr           100%       3d31      0%          4
 Olgreb's Toxic Radiance  Pois           100%       N/A       0%          4
 Petrify                  Tmut/Erth      100%       N/A       0%          4
 Call Imp                 Summ           70%        N/A       1%          2
 Ensorcelled Hibernation  Hex/Ice        100%       N/A       1%          2
 Searing Ray              Conj           100%       3d7       1%          2
 Slow                     Hex            51%        N/A       1%          2
 Static Discharge         Conj/Air       85%        N/A       1%          2
 Call Canine Familiar     Summ           70%        N/A       1%          3
 Confusing Touch          Hex            51%        N/A       1%          3
 Conjure Flame            Conj/Fire      51%        6-21      1%          3
 Dazzling Flash           Conj/Hex       100%       N/A       1%          3
 Frozen Ramparts          Ice            100%       1d12      1%          3
 Gell's Gravitas          Tloc           50%        N/A       1%          3
 Ignite Poison            Fire/Tmut/Pois 100%       N/A       1%          3
 Inner Flame              Hex/Fire       51%        N/A       1%          3
 Lesser Beckoning         Tloc           50%        N/A       1%          3
 Mephitic Cloud           Conj/Pois/Air  100%       N/A       1%          3
 Portal Projectile        Hex/Tloc       100%       N/A       1%          3
 Stone Arrow              Conj/Erth      100%       3d13      1%          3
 Summon Guardian Golem    Hex/Summ       61%        N/A       1%          3
 Teleport Other           Tloc           100%       N/A       1%          3
 Tukima's Dance           Hex            51%        N/A       1%          3
 Airstrike                Air            54%        N/A       1%          4
 Animate Armour           Summ/Erth      100%       N/A       1%          4
 Hailstorm                Conj/Ice       67%        3d14      1%          4
 Ice Form                 Ice/Tmut       100%       N/A       1%          4
 Iskenderun's Mystic Bla  Conj/Tloc      80%        2d16      1%          4
 Leda's Liquefaction      Hex/Erth       46%        N/A       1%          4
 Summon Ice Beast         Ice/Summ       75%        N/A       1%          4
 Summon Lightning Spire   Summ/Air       91%        N/A       1%          4
 Agony                    Necr           100%       N/A       1%          5
 Alistair's Intoxication  Tmut/Pois      81%        N/A       1%          5
 Blade Hands              Tmut           59%        N/A       1%          5
 Bolt of Magma            Conj/Fire/Erth 41%        4d17      1%          5
 Borgnjor's Vile Clutch   Necr/Erth      59%        N/A       1%          5
 Excruciating Wounds      Necr           59%        N/A       1%          5
 Freezing Cloud           Conj/Ice/Air   41%        6-21      1%          5
 Irradiate                Conj/Tmut      46%        3d29      1%          5
 Lee's Rapid Deconstruct  Erth           60%        3d29*     1%          5
 Lightning Bolt           Conj/Air       42%        1d62      1%          5
 Summon Forest            Summ/Tloc      43%        N/A       1%          5
 Yara's Violent Unravell  Hex/Tmut       46%        3d18      1%          5
 Death Channel            Necr           59%        N/A       1%          6
 Dispersal                Tloc           50%        N/A       1%          6
 Iron Shot                Conj/Erth      46%        9d9       1%          6
 Simulacrum               Ice/Necr       51%        N/A       1%          6
 Cause Fear               Hex            25%        N/A       2%          4
 Fulminant Prism          Conj/Hex       25%        3d14      2%          4
 Sticky Flame             Conj/Fire      51%        2d7       2%          4
 Metabolic Englaciation   Hex/Ice        33%        N/A       2%          5
 Conjure Ball Lightning   Conj/Air       42%        3x3d15    3%          6
 Borgnjor's Revivificati  Necr           59%        N/A       3%          8
 Infestation              Necr           59%        N/A       3%          8
 Summon Mana Viper        Hex/Summ       61%        N/A       4%          5
 Haunt                    Necr/Summ      49%        N/A       5%          7
 Fireball                 Conj/Fire      25%        3d11      7%          5
 Iskenderun's Battlesphe  Conj           51%        2d10      7%          5
 Shadow Creatures         Summ           N/A        N/A       11%         6
 Maxwell's Capacitive Co  Air            54%        ∞         12%         8
 Malign Gateway           Summ/Tloc      43%        N/A       14%         7
 Ozocubu's Refrigeration  Ice            40%        4d13      24%         7
 Disjunction              Tloc           50%        N/A       24%         8
 Invisibility             Hex            25%        N/A       32%         6
 Starburst                Conj/Fire      25%        6d8       32%         6
 Death's Door             Necr           59%        N/A       38%         9
 Monstrous Menagerie      Summ           35%        N/A       47%         7
 Summon Hydra             Summ           35%        N/A       47%         7
 Lehudib's Crystal Spear  Conj/Erth      46%        10d11     47%         8
 Spellforged Servitor     Conj/Summ      30%        N/A       67%         7
 Orb of Destruction       Conj           25%        9d10      86%         7
 Summon Horrible Things   Summ           35%        N/A       98%         8
 Discord                  Hex            25%        N/A       100%        8
 Ignition                 Fire           25%        3d9       100%        8
 Chain Lightning          Conj/Air       42%        3d56      100%        9
 Dragon's Call            Summ           35%        N/A       100%        9
 Fire Storm               Conj/Fire      25%        8d7       100%        9
 Polar Vortex             Ice            40%        N/A       100%        9


Dungeon Overview and Level Annotations

Branches:
Dungeon (15/15)            Temple (1/1) D:6            Lair (6/6) D:8
  Swamp (4/4) Lair:3        Snake (4/4) Lair:4        Slime (5/5) Lair:5
    Orc (2/2) D:9             Elf (3/3) Orc:2        Vaults (5/5) D:13
  Crypt (3/3) Vaults:2       Tomb (3/3) Crypt:3      Depths (5/5) D:15
   Hell (visited)             Dis (7/7) Hell            Geh (7/7) Hell
    Coc (7/7) Hell            Tar (7/7) Hell            Zot (5/5) Depths:5
  Sewer (visited)         Ossuary (visited)           IceCv (visited)
Gauntlet (visited)

Altars:
Cheibriados
Dithmenos
Elyvilon
Fedhas
Gozag
Hepliaklqana
Kikubaaqudgha
Makhleb
Nemelex Xobeh
Okawaru
Ru
Sif Muna
Trog
Uskayaw
Vehumet
Wu Jian
Xom
Yredelemnul
Zin
The Shining One
Beogh
Jiyva
Lugonu

Shops:
D:7 :   Orc:2 [((?(**(*   Elf:1 *([:   Snake:1 ?   Snake:2 :   Snake:3 ((
Depths:2 *   Depths:4 !

Portals:
Hell: Depths:1 Depths:2 Depths:3 Depths:4 Depths:5
Abyss: Lair:6 Zot:4 Depths:1 Depths:2 Depths:4
Pandemonium: Depths:3

Annotations:
D:4 exclusion: Sigmund
D:9 1 runed translucent door, riojii's ghost, novice DjIE
D:10 exclusion: ice statue
D:13 exclusion: orange crystal statue
D:14 exclusion: downstairs
Snake:2 3 runed translucent doors, DemonSlayer's ghost, adept DsBe
Tomb:3 Jory; Khufu
Zot:1 8 runed translucent doors
Zot:4 2 transporters, Ereleyss's ghost, veteran TrMo


Innate Abilities, Weirdness & Mutations

You are a tree.
Your roots penetrate the ground, keeping you stationary.
You cannot be teleported.
You are immune to unholy pain and torment.
Your maximum health is greatly increased.
Your equipment is partially melded.
You are too large for most types of armour.
((You have claws for hands.))
You heal very quickly.
((You are covered in fur. (AC +1)))
((You have tough skin. (AC +1)))
((You are partially covered in iridescent scales. (AC +2)))
You tend to lose your temper in combat.
((Armour fits poorly on your strangely shaped body.))
You occasionally shout uncontrollably at your foes.
((You are occasionally teleported next to monsters.))
You passively dampen the noise of your surroundings.


Message History

Okay, then.
Okay, then.
Okay, then.
Okay, then.
Okay, then.
Okay, then.
Unknown command.
Unknown command.
Okay, then.
Unknown command.
As you read the scroll of silence, it crumbles to dust.
A profound silence engulfs you.
You feel a little less mighty now.
You block the emperor scorpion's attack. x2
The emperor scorpion claws you.
* * * LOW HITPOINT WARNING * * *
The bennu's plumage briefly flares with an otherwordly flame.
You block the royal mummy's attack. Khufu hits you.
* * * LOW HITPOINT WARNING * * *
The ushabti hits you but does no damage.
You block the emperor scorpion's attack.
The emperor scorpion claws you but does no damage.
The emperor scorpion claws you.
* * * LOW HITPOINT WARNING * * *
The royal mummy hits you!
* * * LOW HITPOINT WARNING * * *
The emperor scorpion stings you.
* * * LOW HITPOINT WARNING * * *
The emperor scorpion claws you but does no damage. x2
The emperor scorpion stings you.
* * * LOW HITPOINT WARNING * * *
The emperor scorpion claws you but does no damage.
You block the emperor scorpion's attack.
The emperor scorpion stings you but does no damage.
The emperor scorpion claws you.
* * * LOW HITPOINT WARNING * * *
The emperor scorpion claws you.
* * * LOW HITPOINT WARNING * * *
The royal mummy hits you!
You die...

...φ .#....
..#.# ...#..
...... ..[...
...... #....^.
....$.# ..b....
#....sB#.......
.....sMsss.....
...)zM8♣ss.#
.....)sMM......
.....MsM...##..
......).....M
........^......
..............#
.)......#...###
.....^..#....


You could see Khufu, 3 royal mummies, 9 emperor scorpions, a bennu, a skeletal
warrior, 3 guardian mummies, an ushabti and a death scarab (summoned).

Vanquished Creatures
  Cerebov (Pan)
  Antaeus (Coc:7)
  Asmodeus (Geh:7)
  the Royal Jelly (Slime:5)
  Gloorx Vloq (Pan)
  Dissolution (Slime:4)
  Ereshkigal (Tar:7)
  Mnoleg (Pan)
  the Serpent of Hell (Dis:7)
  Lom Lobon (Pan)
  A seraph (Pan)
  6 ancient liches
  Dispater (Dis:7)
  6 dread liches
  3 orbs of fire (Zot:5)
  20 pandemonium lords
  Sojobo (Vaults:5)
  17 Killer Klowns
  17 royal mummies
  Boris (twice) (Crypt:1 Tomb:3)
  23 shard shrikes
  Saint Roka (Orc:2)
  Bai Suzhen (Crypt:3)
  Margery (Vaults:4)
  Geryon (Hell)
  Vashnia (Snake:4)
  Xtahua (Crypt:1)
  2 curse toes
  12 golden dragons
  4 profane servitors
  A pearl dragon (Pan)
  6 doom hounds
  15 bone dragons
  4 electric golems (Zot:5)
  11 Brimstone Fiends
  17 Hell Sentinels
  23 Ice Fiends
  31 Tzitzimimeh
  3 hellephants (Abyss:1)
  16 tentacled monstrosities
  23 liches
  25 Orb Guardians (Zot:5)
  Jorgrun (Elf:2)
  21 acid blobs
  3 deep elf blademasters
  2 deep elf master archers (Elf:3)
  11 titans
  21 ancient champions
  10 quicksilver dragons
  2 eldritch tentacles
  32 tentacled starspawn
  6 thorn hunters
  13 death cobs
  28 Executioners
  14 sphinxes
  26 shadow dragons
  9 tengu reavers
  5 revenants
  10 storm dragons
  Donald (Crypt:1)
  20 nagarajas
  10 azure jellies
  18 rockslimes
  8 draconian monks
  16 daevas
  5 fenstrider witches
  9 draconian scorchers
  9 frost giants
  Louise (Elf:1)
  6 deep elf sorcerers
  27 vault wardens
  15 ghost moths
  10 fire giants
  5 draconian knights
  2 emperor scorpions (Zig:14)
  12 corrupters (Pan)
  An orc warlord (Vaults:3)
  4 iron dragons
  Aizul (Snake:2)
  32 cacodemons
  6 curse skulls
  18 warmongers (Pan)
  2 juggernaut zombies
  38 balrugs
  7 draconian shifters
  4 spectral caustic shrikes (Depths:5)
  4 deep elf elementalists (Elf:3)
  4 draconian stormcallers
  20 angels
  19 ironbound preservers
  8 draconian annihilators
  11 ghouls
  2 spriggan defenders
  9 quicksilver oozes
  13 ophanim
  A war gargoyle (Vaults:2)
  17 stone giants
  48 very ugly things
  65 reapers
  4 bennus
  14 black suns (Pan)
  19 apis (Pan)
  13 black draconians
  10 vampire knights
  7 purple draconians
  3 elemental wellsprings (Coc:7)
  3 entropy weavers
  21 blood saints (Pan)
  9 deep elf demonologists
  Azrael (Elf:2)
  A minotaur (Gauntlet)
  11 green draconians
  4 white draconians
  25 lorocyprocas
  A dire elephant (Vaults:3)
  2 bunyips
  7 red draconians
  9 yellow draconians
  8 deep elf annihilators
  4 eleionomae
  6 spark wasps
  40 blizzard demons
  12 deep elf death magi
  Snorg (Lair:6)
  13 eidola
  30 mummy priests
  The ghost of dnasty the Destroyer, a journeyman TeAE of Vehumet (Lair:3)
  14 jiangshi
  8 quicksilver dragon zombies
  A kraken zombie (Coc:4)
  5 shambling mangroves
  9 fire dragons
  19 great orbs of eyes
  17 yaktaur captains
  16 ettins
  5 deep elf high priests
  18 green deaths
  2 merfolk impalers (Zig:6)
  A great orb of eyes (shapeshifter) (Vaults:5)
  3 crystal guardians
  17 rakshasas
  6 ironbound thunderhulks
  35 vault guards
  29 ice dragons
  17 naga warriors
  A hydra (shapeshifter) (Zig:17)
  8 boulder beetles
  7 hell beasts
  2 spriggan air magi
  10 ogre magi
  2 juggernaut simulacra (Pan)
  3 peacekeepers
  A catoblepas (Lair:4)
  9 quicksilver dragon skeletons
  18 monstrous demonspawn (Pan)
  11 ironbound frosthearts
  17 salamander tyrants
  2 ghost crabs
  20 hydras
  18 two-headed ogres
  18 anacondas
  2 merfolk aquamancers (Zig:6)
  16 centaur warriors
  28 dancing weapons
  A death knight (D:13)
  4 alligators
  7 tengu warriors
  20 hell hogs
  6 deep troll shamans
  98 death scarabs
  An orc high priest (Orc:2)
  5 ironbound beastmasters
  6 death yaks (Gauntlet)
  11 vampire magi
  42 thrashing horrors
  5 spriggan berserkers
  17 shock serpents
  35 sun demons
  10 titan zombies
  14 deep troll earth magi
  24 naga sharpshooters
  A shock serpent (shapeshifter) (Vaults:5)
  59 soul eaters
  3 titan skeletons
  An iron golem (Geh:3)
  19 deep elf knights
  36 wretched stars
  15 iron trolls
  2 death drakes (Zig:15)
  2 salamander mystics
  12 storm dragon zombies
  74 hell knights
  A spectral catoblepas (Lair:3)
  3 storm dragon skeletons
  A sea snake (Zig:6)
  8 spatial maelstroms
  4 goliath frogs (Swamp:1)
  8 anaconda zombies
  40 sixfirhies
  5 spriggan druids
  110 skeletal warriors
  7 golden dragon zombies
  37 shadow wraiths
  14 cherubim (Pan)
  A deep troll (shapeshifter) (Elf:3)
  11 flayed ghosts
  87 starcursed masses
  24 shadow demons
  20 torturous demonspawn (Pan)
  44 deep trolls
  19 infernal demonspawn (Pan)
  9 bog bodies
  A quicksilver dragon simulacrum (Tar:6)
  19 wizards
  8 deep elf archers
  6 naga ritualists
  10 swamp dragons
  7 glowing orange brains
  7 lindwurms
  15 harpies
  13 gelid demonspawn (Pan)
  6 shadow dragon zombies
  19 phantasmal warriors
  21 deep elf pyromancers
  2 obsidian statues
  18 mana vipers
  27 deep elf zephyrmancers
  21 ironbound convokers
  5 orc knights
  8 anaconda skeletons
  An orb spider (shapeshifter) (Abyss:1)
  25 necromancers
  7 wolf spiders
  A shining eye (shapeshifter) (Lair:6)
  4 golden dragon skeletons
  5 iron dragon zombies
  A tengu skeleton (Vaults:2)
  3 cyclopes
  6 will-o-the-wisps
  64 ugly things
  8 shining eyes
  A mana viper (shapeshifter) (Vaults:5)
  4 orc sorcerers
  3 shadow dragon skeletons
  A wolf spider zombie (Dis:1)
  12 orb spiders
  7 fire giant zombies
  13 salamanders
  5 stone giant zombies
  37 moths of wrath
  5 dire elephant zombies
  7 frost giant zombies
  5 oklob plants
  19 worldbinders
  6 elephants (Lair:5)
  2 iron dragon skeletons
  5 stone giant skeletons
  2 shock serpent zombies
  15 guardian serpents
  10 apocalypse crabs
  46 black mambas
  12 molten gargoyles
  6 eyes of devastation
  7 frost giant skeletons
  2 guardian serpents (shapeshifter)
  19 naga magi
  19 vault sentinels
  8 ice statues
  Maurice (D:10)
  25 rust devils
  89 smoke demons
  4 fire giant skeletons
  3 catoblepas zombies
  A gargoyle (D:12)
  A red draconian zombie (Geh:7)
  6 torpor snails
  17 cane toads
  6 dire elephant skeletons
  A storm dragon simulacrum (Abyss:2)
  9 unseen horrors
  3 kobold demonologists
  51 yaktaurs
  8 rime drakes
  An emperor scorpion zombie (Dis:2)
  24 hellions
  3 shock serpent skeletons
  45 orange demons
  A sea snake zombie (Hell)
  15 efreet
  50 freezing wraiths
  2 human zombies
  2 komodo dragons (shapeshifter)
  A ghost moth simulacrum (Abyss:5)
  A spriggan skeleton (Zig:4)
  41 ice devils
  An iron troll zombie (Crypt:3)
  5 anaconda simulacra
  A minotaur zombie (Coc:6)
  11 komodo dragons
  A minotaur skeleton (Crypt:1)
  37 ancient zymes
  20 demonic crawlers
  An entropy weaver simulacrum (IceCv)
  74 guardian mummies
  33 hellwings
  A sea snake skeleton (Hell)
  15 hydra zombies
  4 catoblepas skeletons
  54 red devils
  36 tormentors
  2 bloated husks
  3 meliai (D:14)
  A red draconian skeleton (Crypt:3)
  8 human skeletons
  6 silent spectres
  A white draconian skeleton (Crypt:3)
  6 merfolk (Zig:6)
  2 merfolk (shapeshifter)
  5 harpy zombies
  A troll (shapeshifter) (Zig:17)
  A golden dragon simulacrum (IceCv)
  A wind drake (Abyss:5)
  A queen bee (Lair:2)
  7 trolls
  6 jumping spiders
  A meliai (shapeshifter) (Depths:5)
  A hornet (shapeshifter) (Abyss:1)
  Prince Ribbit (D:7)
  7 hydra skeletons
  16 hornets
  80 raiju
  A blink frog (shapeshifter) (Vaults:5)
  7 ettin zombies
  11 tyrant leeches
  A slime creature (shapeshifter) (Zig:17)
  A snapping turtle (shapeshifter) (D:14)
  A spriggan zombie (Zig:4)
  2 harpy skeletons
  2 elf zombies
  23 blink frogs
  99 large abominations
  2 frost giant simulacra
  9 alligator zombies
  A dream sheep (Lair:2)
  94 slime creatures
  5 ice dragon zombies
  4 fire dragon skeletons
  2 air elementals
  5 redbacks
  4 fire dragon zombies
  3 ice dragon skeletons
  A centaur simulacrum (D:14)
  6 vampires
  A spriggan (shapeshifter) (D:12)
  70 ynoxinuls
  103 flying skulls
  3 spriggan simulacra (IceCv)
  17 shadows
  3 dire elephant simulacra (IceCv)
  13 spriggans
  26 wraiths
  7 wyverns
  6 ettin skeletons
  16 water elementals
  Sigmund (D:4)
  4 black mamba zombies
  48 yaks
  2 fire bats (Abyss:1)
  11 ushabtiu
  2 alligator skeletons
  6 tarantellas
  12 basilisks
  38 neqoxecs
  22 fire elementals
  A black mamba skeleton (Coc:3)
  36 chaos spawn
  Eustachio (D:5)
  3 golden eyes
  A human (shapeshifter) (Vaults:5)
  3 steam dragons
  2 elf skeletons (Zig:19)
  2 death yak simulacra (Lair:3)
  5 harpy simulacra (IceCv)
  Edmund (D:4)
  16 swamp worms
  A warg (Orc:2)
  6 hydra simulacra
  42 nagas
  2 vampire mosquitoes (D:12)
  2 glowing shapeshifter zombies
  A merfolk zombie (Coc:3)
  9 cane toad zombies
  12 water moccasins
  16 spatial vortices
  64 hell hounds
  A monstrous demonspawn skeleton (Dis:4)
  A floating eye (Slime:2)
  A floating eye (shapeshifter) (Zig:17)
  A gelid demonspawn skeleton (Abyss:5)
  A merfolk skeleton (Geh:7)
  9 ice beasts
  33 orc warriors
  A sky beast (D:8)
  4 cane toad skeletons
  3 swamp drakes
  An ettin simulacrum (IceCv)
  An ice dragon simulacrum (Abyss:5)
  3 snapping turtle zombies
  A manticore zombie (Dis:2)
  5 alligator simulacra
  4 black bears
  20 necrophages
  3 swamp dragon zombies
  A black mamba simulacrum (Crypt:3)
  8 ogres
  16 boggarts
  11 centaurs
  14 wolves
  A manticore skeleton (Coc:3)
  4 phantoms
  2 swamp dragon skeletons
  6 snapping turtle skeletons
  Blork the orc (D:4)
  A palentonga zombie (Crypt:3)
  8 kobold brigands
  15 bullfrogs
  6 gnoll sergeants
  5 scorpions
  2 deep troll simulacra (IceCv)
  A palentonga skeleton (Crypt:3)
  A cane toad simulacrum (Abyss:1)
  4 earth elementals
  A wyvern zombie (Crypt:3)
  34 killer bees
  89 small abominations
  4 lindwurm simulacra (IceCv)
  A dream sheep simulacrum (Lair:3)
  A raiju zombie (Crypt:3)
  34 wights
  2 howler monkeys (D:7)
  A wolf zombie (Crypt:2)
  A troll skeleton (Crypt:2)
  A lava snake (D:7)
  8 crimson imps
  A komodo dragon simulacrum (Lair:3)
  4 centaur zombies
  7 quasits
  18 iron imps
  3 hounds
  4 jellies
  13 orc priests
  A centaur skeleton (Geh:7)
  A demonspawn skeleton (Crypt:2)
  A basilisk skeleton (Crypt:3)
  3 iguanas
  25 orc wizards
  12 hell rats
  A killer bee zombie (D:8)
  An ogre zombie (Coc:3)
  A sky beast zombie (Crypt:1)
  A demigod zombie (Crypt:3)
  2 tengu zombies
  81 mummies
  A howler monkey zombie (D:10)
  A naga simulacrum (Crypt:2)
  7 adders
  13 gnolls
  A steam dragon skeleton (Crypt:2)
  13 shadow imps
  27 white imps
  21 ufetubi
  5 worms
  3 adder skeletons (D:4)
  A barachi skeleton (Crypt:2)
  A dart slug (D:4)
  104 orcs
  A spectral bat (Ossuary)
  5 ball pythons
  5 endoplasms
  2 giant cockroaches
  12 gnoll zombies (Ossuary)
  7 goblins
  13 hobgoblins
  6 jackals
  3 quokkas
  6 bats
  A bat simulacrum (Ossuary)
  8 frilled lizards
  2 goblin simulacra (Ossuary)
  4 goblin zombies (Ossuary)
  4 hobgoblin zombies
  2 jackal zombies
  13 kobolds
  4 kobold simulacra (Ossuary)
  4 kobold zombies (Ossuary)
  8 orc zombies
  3 rats
  4 rat simulacra (Ossuary)
  A rat skeleton (Crypt:2)
  3 spectral goblins (Ossuary)
  A spectral kobold (Ossuary)
  A spectral rat (Ossuary)
  2 ball lightnings (Pan)
  5 butterflies (Zot:1)
  2 foxfires (Swamp:4)
  6 lurking horrors
  18 starspawn tentacles
  3 tentacles (Coc:4)
6018 creatures vanquished.

Vanquished Creatures (collateral kills)
  A bunyip (Swamp:4)
  A deep elf high priest (Elf:3)
  An orange demon (Swamp:4)
  2 hornets (Swamp:2)
  A spriggan (Swamp:2)
6 creatures vanquished.

Vanquished Creatures (others)
  2 Killer Klowns (Zig:17)
  A shard shrike (Coc:3)
  An eldritch tentacle (Pan)
  2 nagarajas (Zig:18)
  A rockslime (Slime:5)
  A fire giant (shapeshifter) (Zig:17)
  A ghost moth (Zig:7)
  A balrug (Pan)
  A naga warrior (Zig:16)
  4 salamander tyrants
  An alligator (Zig:15)
  A death scarab (Tomb:2)
  A large abomination (Pan)
  A salamander mystic (Zig:16)
  A goliath frog (Zig:15)
  A deep troll (shapeshifter) (Zig:17)
  A wizard (Vaults:4)
  A naga ritualist (Zig:18)
  2 salamanders
  2 guardian serpents (Zig:18)
  A yaktaur (Vaults:5)
  A tyrant leech (Zig:15)
  3 bloated husks
  A hornet (Zig:15)
  A raiju (Abyss:5)
  A flying skull (Tomb:2)
  A ynoxinul (Pan)
  A swamp worm (shapeshifter) (Zig:17)
  A naga (Zig:18)
  A floating eye (Depths:2)
  A small abomination (Abyss:2)
  2 orcs
  3 ball lightnings (Pan)
  2 demonic plants
  13 foxfires
  27 fungi
  7 lurking horrors
  40 plants
  28 starspawn tentacles
  4 tentacles (Coc:4)
166 creatures vanquished.

Grand Total: 6190 creatures vanquished

Notes
Turn   | Place    | Note
-------+----------+-------------------------------------------
     0 | D:5      | comborobin the Troll Delver began the quest for the Orb.
     0 | D:5      | Reached XP level 1. HP: 22/22 MP: 0/0
    92 | D:6      | Found a staircase to the Ecumenical Temple.
   101 | Temple   | Entered the Ecumenical Temple
   130 | Temple   | Became a worshipper of Cheibriados the Contemplative
   200 | D:6      | Reached XP level 2. HP: 29/29 MP: 1/1
   217 | D:6      | Noticed a scorpion
   232 | D:6      | Noticed a centaur
   248 | D:6      | Killed a centaur
   249 | D:6      | Reached XP level 3. HP: 27/36 MP: 2/2
   249 | D:6      | Reached XP level 4. HP: 34/44 MP: 3/3
   249 | D:6      | Found a sand-covered staircase.
   255 | Ossuary  | Entered an ossuary
   357 | Ossuary  | Reached * piety under Cheibriados
   416 | Ossuary  | Reached skill level 5 in Unarmed Combat
   778 | Ossuary  | Reached XP level 5. HP: 50/50 MP: 4/4
   990 | D:6      | Noticed a black bear
  1000 | D:6      | Killed a black bear
  1001 | D:6      | Reached XP level 6. HP: 59/59 MP: 5/5
  1033 | D:6      | Reached skill level 1 in Invocations
  1056 | D:5      | Reached ** piety under Cheibriados
  1084 | D:5      | Found an iron altar of Okawaru.
  1119 | D:4      | Noticed Edmund
  1199 | D:4      | Noticed Eustachio
  1256 | D:4      | Noticed Sigmund
  1297 | D:5      | Killed Eustachio
  1298 | D:5      | Reached XP level 7. HP: 62/66 MP: 3/7
  1328 | D:5      | Found a glowing silver altar of Zin.
  1472 | D:5      | Found a white marble altar of Elyvilon.
  1626 | D:4      | Found a glowing drain.
  1660 | D:4      | Killed Edmund
  1673 | Sewer    | Entered a sewer
  1811 | D:4      | Noticed Blork the orc
  1823 | D:4      | Killed Blork the orc
  1823 | D:4      | Reached *** piety under Cheibriados
  1824 | D:4      | Reached XP level 8. HP: 64/75 MP: 7/9
  2023 | D:3      | Found a hazy altar of Hepliaklqana.
  2183 | D:3      | Found a sparkling altar of Nemelex Xobeh.
  2373 | D:3      | Found a faded altar of an unknown god.
  2804 | D:2      | Reached **** piety under Cheibriados
  2894 | D:2      | Learned a level 3 spell: Frozen Ramparts
  3718 | D:4      | Killed Sigmund
  4191 | D:5      | Found a sacrificial altar of Ru.
  4269 | D:5      | Found a burning altar of Makhleb.
  4651 | D:6      | Found a shadowy altar of Dithmenos.
  5048 | D:7      | Found Kirrilon's Book Boutique.
  5359 | D:7      | Reached skill level 1 in Ice Magic
  5370 | D:7      | Reached XP level 9. HP: 84/84 MP: 9/11
  5742 | D:7      | Found an ornate altar of the Wu Jian Council.
  5742 | D:7      | Noticed Prince Ribbit
  5749 | D:7      | Killed Prince Ribbit
  5749 | D:7      | Reached ***** piety under Cheibriados
  6232 | D:8      | Noticed a sixfirhy
  6232 | D:8      | Found a runed translucent door.
  6281 | D:8      | Found a shimmering altar of Xom.
  6323 | D:8      | Reached skill level 1 in Spellcasting
  6506 | D:8      | Noticed a komodo dragon
  6515 | D:8      | Killed a komodo dragon
  6879 | D:8      | Learned a level 3 spell: Ozocubu's Armour
  6975 | D:9      | Found a runed translucent door.
  6978 | D:9      | Noticed riojii's ghost (novice DjIE)
  7117 | D:9      | Noticed a troll
  7144 | D:9      | Killed a troll
  7278 | D:9      | Reached XP level 10. HP: 91/94 MP: 3/12
  7465 | D:9      | Reached skill level 10 in Unarmed Combat
  7482 | D:9      | Reached skill level 5 in Fighting
  7561 | D:9      | Reached skill level 5 in Invocations
  7573 | D:9      | Identified the +3 quarterstaff of Rubbish {protect, rElec
                  | Str+3}
  7706 | D:9      | Found a staircase to the Orcish Mines.
  8188 | D:10     | Entered Level 10 of the Dungeon
  8289 | D:10     | Noticed a two-headed ogre
  8301 | D:10     | Killed a two-headed ogre
  8301 | D:10     | Noticed Maurice
  8302 | D:10     | Reached skill level 5 in Dodging
  8302 | D:10     | Reached skill level 5 in Ice Magic
  8317 | D:10     | Reached XP level 11. HP: 83/102 MP: 4/14
  8331 | D:10     | Killed Maurice
  8706 | D:10     | Found a bloodstained altar of Trog.
  8733 | D:10     | Found a portal to a secret trove of treasure.
  9311 | D:11     | Learned a level 7 spell: Dragon Form
  9329 | D:10     | Reached skill level 1 in Transmutations
  9503 | D:11     | Noticed a boulder beetle
  9511 | D:11     | Killed a boulder beetle
  9588 | D:11     | Reached ****** piety under Cheibriados
  9773 | D:11     | Identified the +0 trident of Gallantry {vorpal, +Blink
                  | Will- MP+9 Int+4}
 10396 | D:12     | Noticed a deep elf pyromancer
 10399 | D:12     | Noticed a fire dragon
 10406 | D:12     | Killed a fire dragon
 10407 | D:12     | Reached skill level 5 in Transmutations
 10407 | D:12     | Reached XP level 12. HP: 95/111 MP: 8/15
 10411 | D:12     | Noticed a two-headed ogre
 10422 | D:12     | Killed a two-headed ogre
 10626 | D:12     | Noticed an ogre mage
 10676 | D:12     | Noticed a two-headed ogre
 10676 | D:12     | Noticed a two-headed ogre
 10676 | D:12     | Noticed a two-headed ogre
 10676 | D:12     | Noticed a two-headed ogre
 10989 | D:13     | Noticed a death knight
 11000 | D:13     | Killed a death knight
 11001 | D:13     | Reached skill level 1 in Evocations
 11011 | D:13     | Noticed a four-headed hydra
 11025 | D:11     | Killed a two-headed ogre
 11081 | D:11     | Killed an ogre mage
 11082 | D:11     | Reached skill level 1 in Throwing
 11084 | D:11     | Killed a two-headed ogre
 11143 | D:12     | Killed a two-headed ogre
 11143 | D:12     | HP: 3/113 [two-headed ogre (14)]
 11236 | D:12     | Killed a two-headed ogre
 11291 | D:12     | Noticed a boulder beetle
 11420 | D:12     | Killed a boulder beetle
 11616 | D:12     | Noticed a two-headed ogre
 11620 | D:12     | Killed a two-headed ogre
 11778 | D:13     | Noticed a two-headed ogre
 11778 | D:13     | a shock serpent changed into a two-headed ogre
 11778 | D:13     | a two-headed ogre changed into a glowing orange brain
 11826 | D:12     | Noticed a two-headed ogre
 11826 | D:12     | a torpor snail changed into a two-headed ogre
 11826 | D:12     | a two-headed ogre changed into a snapping turtle
 11864 | D:13     | Found a gate to the Vaults.
 11887 | D:14     | Noticed a two-headed ogre
 11897 | D:14     | Noticed a two-headed ogre
 11897 | D:14     | Noticed a two-headed ogre
 11905 | D:13     | Noticed a two-headed ogre
 12020 | D:13     | Killed a two-headed ogre
 12155 | D:13     | Learned a level 3 spell: Spider Form
 12234 | D:13     | Killed a two-headed ogre
 12300 | D:13     | Killed a four-headed hydra
 12588 | D:13     | Reached XP level 13. HP: 124/124 MP: 10/17
 13159 | D:8      | Found a staircase to the Lair.
 13424 | Lair:1   | Entered Level 1 of the Lair of Beasts
 13851 | D:7      | Bought the Catalogue of Transmutation for 450 gold pieces
 13851 | D:7      | Bought a Trismegistus Codex for 420 gold pieces
 13855 | D:7      | Learned a level 3 spell: Ignite Poison
 14216 | Lair:1   | Reached skill level 5 in Throwing
 14599 | Lair:1   | Identified the +6 whip of Innocence {elec, rPois}
 16210 | D:14     | Found a glowing golden altar of the Shining One.
 16212 | D:14     | Found a sacrificial altar of Ru.
 16212 | D:14     | Found a shimmering altar of Xom.
 16380 | D:14     | Learned a level 2 spell: Blink
 16475 | D:14     | Reached skill level 1 in Translocations
 16582 | D:14     | Found a shimmering altar of Xom.
 16582 | D:14     | Found an ancient bone altar of Kikubaaqudgha.
 16582 | D:14     | Found a hazy altar of Hepliaklqana.
 16641 | D:15     | Entered Level 15 of the Dungeon
 16942 | D:14     | Reached XP level 14. HP: 69/137 MP: 11/19
 17064 | D:15     | Noticed a fire giant
 17175 | Orc:1    | Entered Level 1 of the Orcish Mines
 17194 | D:9      | Paralysed by a hornet for 2 turns
 17757 | D:14     | Killed a fire giant
 17788 | D:15     | Reached skill level 5 in Spellcasting
 18134 | D:15     | Learned a level 5 spell: Manifold Assault
 18157 | D:15     | Reached skill level 5 in Translocations
 18197 | D:15     | Found a staircase to the Depths.
 18363 | D:15     | Found a blossoming altar of Fedhas.
 18902 | Lair:2   | Found a snail-covered altar of Cheibriados.
 19511 | Lair:3   | Found a gate leading to a gauntlet.
 19514 | Gauntlet | Entered a Gauntlet
 19514 | Gauntlet | Found a transporter.
 19524 | Gauntlet | Found a transporter.
 19534 | Gauntlet | Found a transporter.
 19537 | Gauntlet | Found a transporter.
 19545 | Gauntlet | Found a transporter.
 19566 | Gauntlet | Found a transporter.
 19578 | Gauntlet | Found a transporter.
 19587 | Gauntlet | Noticed a quicksilver ooze
 19588 | Gauntlet | Found the +6 arbalest "Damnation" {damnation}
 19589 | Gauntlet | Found a transporter.
 19612 | Gauntlet | Found a transporter.
 19621 | Gauntlet | Found a transporter.
 19622 | Gauntlet | Found a transporter.
 19670 | Gauntlet | Found a transporter.
 19684 | Gauntlet | Found a transporter.
 19687 | Gauntlet | Found a runed translucent door.
 19696 | Gauntlet | Found a transporter.
 20009 | Gauntlet | Identified the amulet "Liedinn" {Spirit Fragile +Blink rC+}
 20225 | Lair:3   | Learned a level 2 spell: Wereblood
 20270 | Lair:3   | Found a staircase to the Swamp.
 20700 | Lair:3   | Found a runed translucent gate.
 20700 | Lair:3   | Found a runed translucent gate.
 20700 | Lair:3   | Found a runed translucent gate.
 20701 | Lair:3   | Noticed dnasty's ghost (journeyman TeAE)
 21346 | Lair:4   | Reached XP level 15. HP: 131/145 MP: 19/23
 21674 | Lair:4   | Found a staircase to the Snake Pit.
 22196 | Lair:4   | Learned a level 2 spell: Sublimation of Blood
 22199 | Lair:4   | Learned a level 2 spell: Passwall
 22216 | Lair:5   | Found a staircase to the Slime Pits.
 22216 | Lair:5   | Found a viscous altar of Jiyva.
 22626 | Orc:2    | Entered Level 2 of the Orcish Mines
 22702 | Orc:2    | Found Zafiremm's Assorted Antiques.
 22706 | Orc:2    | Found Daipov's Weapon Shop.
 22773 | Orc:2    | Found Unwya's Magic Scroll Emporium.
 22887 | Orc:2    | Found a staircase to the Elven Halls.
 22890 | Orc:2    | Found Goofalaudd's General Store.
 22936 | Orc:2    | Found Ynungim's Antique Weapon Shop.
 22989 | Orc:2    | Noticed Saint Roka
 23003 | Orc:2    | Killed Saint Roka
 23420 | Orc:2    | Found Nini's Antique Weapon Boutique.
 23422 | Orc:2    | Found Ubbureal's Antique Armour Shop.
 23710 | Orc:2    | Found Xuysott's General Store.
 23802 | Orc:2    | Found Budimm's Antique Weapon Shoppe.
 24097 | D:7      | Bought a book of Party Tricks for 450 gold pieces
 24099 | D:7      | Learned a level 1 spell: Apportation
 25287 | Lair:6   | Entered Level 6 of the Lair of Beasts
 25529 | Lair:6   | Noticed Snorg
 25535 | Lair:6   | Killed Snorg
 26131 | Lair:6   | Gained mutation: Your spells are a little easier to cast,
                  | but a little less powerful. [a shining eye]
 26469 | Lair:6   | Reached XP level 16. HP: 134/156 MP: 25/25
 26493 | Lair:6   | Found a corrupted altar of Lugonu.
 26494 | Lair:6   | Found a one-way gate to the infinite horrors of the Abyss.
 26649 | Lair:6   | Found a blossoming altar of Fedhas.
 27032 | Swamp:1  | Entered Level 1 of the Swamp
 27104 | Swamp:1  | Paralysed by a hornet for 1 turns
 27162 | Swamp:1  | Learned a level 3 spell: Mephitic Cloud
 27951 | Swamp:1  | Learned a level 5 spell: Summon Forest
 28229 | Swamp:2  | Noticed a thorn hunter
 28267 | Swamp:2  | Killed a thorn hunter
 28268 | Swamp:2  | Reached skill level 1 in Armour
 28268 | Swamp:2  | Reached skill level 1 in Summonings
 28541 | Swamp:2  | Reached skill level 1 in Necromancy
 29688 | Swamp:4  | Entered Level 4 of the Swamp
 29852 | Swamp:4  | Noticed a thorn hunter
 30026 | Swamp:4  | Killed a thorn hunter
 30027 | Swamp:4  | Reached skill level 15 in Unarmed Combat
 30347 | Swamp:4  | Paralysed by a fenstrider witch for 7 turns
 30361 | Swamp:4  | Paralysed by a fenstrider witch for 2 turns
 30448 | Swamp:4  | Cast into level 2 of the Abyss (a wizard)
 30454 | Abyss:2  | Found a corrupted altar of Lugonu.
 30471 | Abyss:2  | Learned a level 2 spell: Passwall
 30542 | Swamp:4  | Escaped the Abyss
 30555 | Swamp:4  | Paralysed by a fenstrider witch for 6 turns
 30672 | Swamp:4  | Reached skill level 10 in Transmutations
 30687 | Swamp:4  | Noticed a tentacled monstrosity
 30693 | Swamp:4  | Killed a tentacled monstrosity
 30694 | Swamp:4  | Reached XP level 17. HP: 95/162 MP: 18/27
 30841 | Swamp:4  | Paralysed by a fenstrider witch for 6 turns
 30852 | Swamp:4  | Paralysed by a fenstrider witch for 3 turns
 31108 | Swamp:4  | Noticed a tentacled monstrosity
 31439 | Swamp:4  | Got a decaying rune of Zot
 31828 | Swamp:4  | Killed a tentacled monstrosity
 31889 | Swamp:4  | Paralysed by a fenstrider witch for 4 turns
 32397 | Elf:1    | Entered Level 1 of the Elven Halls
 32450 | Elf:1    | Noticed Louise
 32451 | Elf:1    | Killed Louise
 32480 | Elf:1    | Paralysed by an air elemental for 1 turns
 32720 | Elf:1    | Found Saizesit's Book Shop.
 32733 | Elf:1    | Bought Great Wizards, Vol. VII for 570 gold pieces
 32738 | Elf:1    | Learned a level 4 spell: Passage of Golubria
 32874 | Elf:1    | Found Riceg's Antique Armour Emporium.
 32880 | Elf:1    | Bought a brightly glowing kite shield for 180 gold pieces
 32880 | Elf:1    | Identified the +5 kite shield of the Cobbler {Str+4 Int+5}
                  | (You bought it in a shop on level 1 of the Elven Halls)
 32902 | Elf:1    | Reached skill level 5 in Necromancy
 32906 | Elf:1    | Found Xeckusm's General Store.
 33036 | Elf:1    | Found Kiff's Weapon Shoppe.
 33253 | Elf:1    | Got the Compendium of Supportive Battle Magic
 33396 | Orc:2    | Bought a glowing cloak for 225 gold pieces
 33629 | Elf:2    | Found a frozen archway.
 33676 | IceCv    | Entered an ice cave
 33987 | IceCv    | Found an ancient bone altar of Kikubaaqudgha.
 34098 | IceCv    | Noticed a lich
 34103 | IceCv    | Killed a lich
 34188 | IceCv    | Identified the ring of Xom's Recklessness {rC+ rN+ Dex+2}
 34911 | Elf:2    | Identified the ring "Raps" {Fly Int+4 SInv}
 35025 | Elf:2    | Found a runed translucent gate.
 35026 | Elf:2    | Found a runed translucent gate.
 35026 | Elf:2    | Found a runed translucent gate.
 35218 | Elf:2    | Reached XP level 18. HP: 174/174 MP: 4/28
 35730 | Elf:2    | Noticed Azrael
 35732 | Elf:2    | Killed Azrael
 35738 | Elf:2    | Reached skill level 10 in Fighting
 35862 | Elf:2    | Noticed Jorgrun
 35865 | Elf:2    | Killed Jorgrun
 36319 | Elf:3    | Entered Level 3 of the Elven Halls
 37126 | Elf:3    | Identified the ring of Neopsut {Wiz rF++ rC+ Int+4}
 37218 | Elf:3    | Got the Tome of Fiery Toxins
 37277 | Elf:3    | Found the +7 great mace "Firestarter" {inner flame, rF++}
 37286 | Elf:3    | Identified the +0 plate armour of Experimentation {Dex+4}
 37323 | Elf:3    | Got the Almanac of the Shifting Voyage
 37364 | Elf:3    | Identified the amulet of the Final Mice {Faith Str+4 Int+2}
 37367 | Elf:3    | Reached XP level 19. HP: 184/184 MP: 16/29
 37367 | Elf:3    | Identified the ring "Teamaz" {rPois Str-2 Int+3 Dex+6 SInv}
 37618 | Elf:3    | Reached skill level 10 in Necromancy
 37679 | Elf:3    | Learned a level 7 spell: Storm Form
 38252 | Snake:1  | Entered Level 1 of the Snake Pit
 38264 | Snake:1  | Reached skill level 1 in Air Magic
 39284 | Snake:1  | Found Ytedawn's Magic Scroll Shop.
 39287 | Snake:1  | Bought a scroll of teleportation for 45 gold pieces
 39287 | Snake:1  | Bought a scroll of teleportation for 45 gold pieces
 39287 | Snake:1  | Bought a scroll of teleportation for 45 gold pieces
 39287 | Snake:1  | Bought a scroll of blinking for 112 gold pieces
 39287 | Snake:1  | Bought 3 scrolls of teleportation for 135 gold pieces
 39548 | Snake:2  | Noticed Aizul
 39550 | Snake:2  | Killed Aizul
 39598 | Snake:2  | Reached skill level 5 in Air Magic
 40012 | Snake:2  | Found a runed translucent gate.
 40012 | Snake:2  | Found a runed translucent gate.
 40012 | Snake:2  | Found a runed translucent gate.
 40014 | Snake:2  | Noticed DemonSlayer's ghost (adept DsBe)
 40057 | Snake:2  | Found Qaneff's Book Shoppe.
 40485 | Snake:3  | Found Felag's Antique Weapon Shop.
 40507 | Snake:3  | Found Tyschas's Antique Weapon Boutique.
 41291 | Snake:4  | Entered Level 4 of the Snake Pit
 41569 | Snake:4  | Noticed Vashnia
 41574 | Snake:4  | Killed Vashnia
 41649 | Snake:4  | Reached XP level 20. HP: 193/193 MP: 20/31
 41804 | Snake:4  | Got a serpentine rune of Zot
 42160 | Snake:4  | Found a runed translucent door.
 42914 | Depths:1 | Entered Level 1 of the Depths
 43186 | Depths:1 | Found a gateway to Hell.
 43220 | Depths:1 | Identified the +10 morningstar "Netamech" {pain, rF++ SInv}
 43248 | Depths:1 | Paralysed by a great orb of eyes for 7 turns
 43904 | Depths:2 | Voluntarily entered the Abyss.
 43950 | Abyss:2  | Learned a level 2 spell: Wereblood
 43953 | Abyss:2  | Learned a level 2 spell: Passwall
 43988 | Abyss:2  | Found an opulent altar of Gozag.
 44234 | Abyss:2  | Found a corrupted altar of Lugonu.
 44646 | Abyss:4  | Paralysed by accursed screaming for 1 turns
 44669 | Abyss:4  | Got an abyssal rune of Zot
 44678 | Depths:2 | Escaped the Abyss
 44711 | Depths:2 | Reached XP level 21. HP: 201/202 MP: 33/33
 44786 | Depths:2 | Paralysed by a great orb of eyes for 5 turns
 44981 | Depths:2 | Identified the ring "Vuna" {rF+ rC+ Str+2 Int+2}
 46141 | Depths:3 | Identified the +11 whip of Rowkafal {drain, Contam rElec
                  | rCorr Dex+6}
 46387 | Depths:3 | Found a one-way gate leading to the halls of Pandemonium.
 46934 | Depths:3 | Reached XP level 22. HP: 150/217 MP: 21/34
 47420 | Depths:4 | Gained mutation: Your magical capacity is low. (-10% MP) [a
                  | cacodemon]
 47424 | Depths:4 | Gained mutation: Armour fits poorly on your strangely
                  | shaped body. [a cacodemon]
 47426 | Depths:4 | Gained mutation: You are clumsy. (Dex -2) [a cacodemon]
 47452 | Depths:4 | Lost mutation: Armour fits poorly on your strangely shaped
                  | body. [potion of mutation]
 47452 | Depths:4 | Lost mutation: Your magical capacity is low. (-10% MP)
                  | [potion of mutation]
 47452 | Depths:4 | Lost mutation: You are clumsy. (Dex -2) [potion of
                  | mutation]
 47452 | Depths:4 | Gained mutation: You passively map a small area around you.
                  | [potion of mutation]
 47659 | Depths:4 | Found Utekhuot's Distillery.
 47662 | Depths:4 | Bought a potion of magic for 80 gold pieces
 47662 | Depths:4 | Bought a potion of attraction for 30 gold pieces
 47662 | Depths:4 | Bought a potion of curing for 30 gold pieces
 47662 | Depths:4 | Bought a potion of brilliance for 40 gold pieces
 47662 | Depths:4 | Bought a potion of lignification for 30 gold pieces
 47662 | Depths:4 | Bought a potion of curing for 30 gold pieces
 47662 | Depths:4 | Bought a potion of heal wounds for 50 gold pieces
 47988 | Depths:5 | Entered Level 5 of the Depths
 47996 | Depths:5 | Noticed a golden dragon
 48019 | Depths:5 | Killed a golden dragon
 48051 | Depths:5 | Found a hide-covered altar of Uskayaw.
 48200 | Depths:5 | Learned a level 6 spell: Statue Form
 48277 | Depths:5 | Found a gateway to a ziggurat.
 48320 | Zig:1    | Entered Level 1 of a ziggurat
 48330 | Zig:1    | Identified the +12 long sword of Vengeance {flame, Fragile
                  | rF+ Dex+3}
 48333 | Zig:2    | Entered Level 2 of a ziggurat
 48352 | Zig:3    | Entered Level 3 of a ziggurat
 48355 | Zig:3    | Noticed a dread lich
 48361 | Zig:3    | Killed a dread lich
 48376 | Zig:3    | Identified the +9 demon trident "Joolupt" {venom, rN+++
                  | Int+4 Dex+2}
 48384 | Zig:4    | Entered Level 4 of a ziggurat
 48412 | Zig:5    | Entered Level 5 of a ziggurat
 48417 | Zig:5    | Gained mutation: Armour fits poorly on your strangely
                  | shaped body. [a shining eye]
 48433 | Zig:5    | Identified the ring "Tupsul" {rElec Int+6 Dex+4}
 48453 | Zig:6    | Entered Level 6 of a ziggurat
 48484 | Zig:6    | Identified the +1 quarterstaff of Modesty {pain, rC+ rCorr
                  | Str+4 Int+4 Dex-2}
 48511 | Zig:7    | Entered Level 7 of a ziggurat
 48554 | Zig:7    | Identified the +10 battleaxe "Xoenuduv" {drain, +Blink
                  | rPois rF- Int-4}
 48625 | Zig:8    | Entered Level 8 of a ziggurat
 48682 | Zig:8    | Identified the +10 short sword of Wyibu {flame, +Blink
                  | Int+4}
 48683 | Zig:8    | Identified the amulet of Intercession {rPois rF+ Regen+
                  | Dex-5 Slay+2}
 48722 | Zig:9    | Entered Level 9 of a ziggurat
 48728 | Zig:9    | Noticed a dread lich
 48728 | Zig:9    | Noticed an ancient lich
 48736 | Zig:9    | Killed an ancient lich
 48737 | Zig:9    | Reached XP level 23. HP: 173/227 MP: 23/35
 48739 | Zig:9    | Killed a dread lich
 48767 | Zig:9    | Identified a scroll of acquirement
 48767 | Zig:9    | Acquired Qacifa's Collected Works on Black Rites
 48791 | Zig:10   | Entered Level 10 of a ziggurat
 48863 | Zig:10   | Identified the +4 leather armour of the Dolphin {Str+4}
 48915 | Zig:11   | Entered Level 11 of a ziggurat
 48949 | Zig:11   | Reached XP level 24. HP: 141/236 MP: 29/35
 48955 | Zig:11   | Got Kuafim's Incunabulum of Bewitching Summoning
 48993 | Zig:11   | Learned a level 5 spell: Silence
 48996 | Zig:12   | Entered Level 12 of a ziggurat
 49002 | Zig:12   | Found the +13 scythe of Curses {drain, Drain}
 49013 | Zig:12   | Reached skill level 10 in Spellcasting
 49033 | Zig:12   | Identified the ring of Syoqij {rCorr Int+2 Slay+6}
 49035 | Zig:12   | Identified the +6 quarterstaff of Wondrous Power {vorpal,
                  | rC+ rN+}
 49038 | Zig:12   | Identified the ring of Psychosis {rCorr AC+4}
 49070 | Zig:13   | Entered Level 13 of a ziggurat
 49073 | Zig:13   | Found the +8 lance "Wyrmbane" {slay drac, rPois rF+ rC+
                  | AC+3}
 49101 | Zig:13   | Reached XP level 25. HP: 164/219 MP: 35/36
 49114 | Zig:13   | Identified the +5 hunting sling "Othoehets" {speed, rC-
                  | Will+ Str+6}
 49116 | Zig:13   | Identified the amulet of Peashy {Acrobat Int+3 Dex+4
                  | Stlth+}
 49159 | Zig:13   | Learned a level 6 spell: Eringya's Noxious Bog
 49168 | Zig:14   | Entered Level 14 of a ziggurat
 49220 | Zig:14   | Identified the ring "Cicabbop" {Fire Stlth+}
 49316 | Zig:14   | Identified the ring "Igi Sech" {rC+ EV+4 Int-2 Dex+4 SInv}
 49320 | Zig:14   | Reached XP level 26. HP: 253/253 MP: 36/37
 49335 | Zig:14   | Got the Papyrus of Slavery and the Volcanoes
 49383 | Zig:15   | Entered Level 15 of a ziggurat
 49429 | Zig:15   | Identified the ring of Zimown {rPois AC+4}
 49437 | Zig:15   | Identified the +9 broad axe "Zeav" {speed, rC+ Str-3 Int+3}
 49494 | Zig:16   | Entered Level 16 of a ziggurat
 49507 | Zig:16   | Reached XP level 27. HP: 202/261 MP: 29/37
 49521 | Zig:16   | Identified the +5 quarterstaff "Neffataba" {spect, *Noise
                  | rPois rN+ Int+7}
 49528 | Zig:16   | Identified the amulet "Tejo" {RegenMP rC+ Int+4}
 49556 | Zig:16   | Identified the +7 war axe of Moderation {antimagic, rF+}
 49562 | Zig:16   | Identified the ring "Jahyum" {rCorr Stlth+}
 49621 | Zig:17   | Entered Level 17 of a ziggurat
 49627 | Zig:17   | Noticed Ivobi the pandemonium lord
 49627 | Zig:17   | Noticed Kaisukhlu the pandemonium lord
 49627 | Zig:17   | Noticed Voduptaz the pandemonium lord
 49627 | Zig:17   | Noticed Nutoq the pandemonium lord
 49627 | Zig:17   | Noticed Qerug the pandemonium lord
 49627 | Zig:17   | Noticed Uriargh the pandemonium lord
 49627 | Zig:17   | Found the +3 robe of Clouds {+Thunder rCloud rElec}
 49627 | Zig:17   | Found the +9 heavy crossbow "Sniper" {vorpal, Acc+∞ SInv}
 49628 | Zig:17   | Noticed Hices the pandemonium lord
 49633 | Zig:17   | Killed Qerug the pandemonium lord
 49636 | Zig:17   | Killed Uriargh the pandemonium lord
 49636 | Zig:17   | Killed Kaisukhlu the pandemonium lord
 49637 | Zig:17   | Reached skill level 15 in Transmutations
 49640 | Zig:17   | Killed Ivobi the pandemonium lord
 49641 | Zig:17   | Killed Hices the pandemonium lord
 49641 | Zig:17   | Killed Nutoq the pandemonium lord
 49643 | Zig:17   | Killed Voduptaz the pandemonium lord
 49738 | Zig:17   | Identified the amulet of the Seer {Spirit rPois rC+++ Dex-2
                  | Slay+2}
 49821 | Zig:17   | Learned a level 1 spell: Apportation
 49825 | Zig:17   | Learned a level 3 spell: Ozocubu's Armour
 49867 | Zig:18   | Entered Level 18 of a ziggurat
 49872 | Zig:18   | Found the +2 shield of Resistance {rF++ rC++ Will++}
 49875 | Zig:18   | Reached skill level 1 in Polearms
 49884 | Zig:18   | Reached skill level 5 in Polearms
 50091 | Zig:19   | Entered Level 19 of a ziggurat
 50097 | Zig:19   | Noticed a royal mummy
 50097 | Zig:19   | Noticed a royal mummy
 50097 | Zig:19   | Noticed a royal mummy
 50098 | Zig:19   | Noticed a royal mummy
 50107 | Zig:19   | Reached skill level 10 in Invocations
 50115 | Zig:19   | Noticed a royal mummy
 50433 | Depths:5 | Found a gate to the Realm of Zot.
 50884 | Vaults:1 | Entered Level 1 of the Vaults
 51175 | Vaults:1 | Identified the +7 glaive of the Protecting Lamprey {speed,
                  | rC+ Will+}
 51180 | Vaults:1 | Reached skill level 10 in Dodging
 51549 | Vaults:1 | Got Sif Muna's Catalogue of Gliding Combat Magic
 51781 | Vaults:1 | Reached skill level 1 in Shields
 52213 | Vaults:2 | Reached skill level 5 in Shields
 52785 | Vaults:3 | Lost mutation: Armour fits poorly on your strangely shaped
                  | body. [potion of mutation]
 52785 | Vaults:3 | Lost mutation: Your spells are a little easier to cast, but
                  | a little less powerful. [potion of mutation]
 52785 | Vaults:3 | Lost mutation: You passively map a small area around you.
                  | [potion of mutation]
 52785 | Vaults:3 | Gained mutation: You are partially covered in large bone
                  | plates. (SH +4) [potion of mutation]
 52785 | Vaults:3 | Gained mutation: You have a pair of small horns on your
                  | head. [potion of mutation]
 52884 | Vaults:3 | Paralysed by a sphinx for 6 turns
 53733 | Vaults:5 | Entered Level 5 of the Vaults
 53787 | Vaults:5 | Noticed an ancient lich
 53790 | Vaults:5 | Killed an ancient lich
 53861 | Vaults:5 | Noticed an ancient lich
 53868 | Vaults:5 | Killed an ancient lich
 53893 | Vaults:5 | Reached skill level 15 in Dodging
 53993 | Vaults:5 | Identified the amulet of the Equinox {Reflect rF++ SH+5}
 54122 | Vaults:5 | Identified the +0 spear of the Equinox {elec, rF+ rC+ rN+
                  | Int-5}
 54128 | Vaults:5 | Noticed Sojobo
 54132 | Vaults:5 | Killed Sojobo
 54413 | Vaults:5 | Got a silver rune of Zot
 54425 | Vaults:5 | Identified the +0 robe of Light {rElec rCorr Dex-3
                  | Archmagi}
 55254 | Vaults:4 | Noticed Margery
 55258 | Vaults:4 | Killed Margery
 55365 | Vaults:4 | Found a transporter.
 55366 | Vaults:4 | Found a shimmering blue altar of Sif Muna.
 55396 | Vaults:4 | Found a transporter.
 55410 | Vaults:4 | Identified the +2 robe "Earthly Heaven" {rF- Will+ rCorr
                  | Str+6}
 56536 | Vaults:3 | Reached skill level 15 in Fighting
 57737 | Vaults:2 | Found a staircase to the Crypt.
 57856 | Crypt:1  | Entered Level 1 of the Crypt
 57878 | Crypt:1  | Reached skill level 1 in Earth Magic
 57906 | Crypt:1  | Noticed Xtahua
 57912 | Crypt:1  | Killed Xtahua
 57919 | Crypt:1  | Noticed Donald
 57925 | Crypt:1  | Killed Donald
 57929 | Crypt:1  | Reached skill level 5 in Earth Magic
 58361 | Depths:2 | Voluntarily entered the Abyss.
 58400 | Depths:2 | Escaped the Abyss
 58402 | Depths:2 | Voluntarily entered the Abyss.
 58447 | Depths:2 | Escaped the Abyss
 58449 | Depths:2 | Voluntarily entered the Abyss.
 58469 | Abyss:1  | Learned a level 2 spell: Passwall
 58492 | Abyss:1  | Noticed an ancient lich
 58510 | Abyss:1  | Killed an ancient lich
 58590 | Depths:2 | Escaped the Abyss
 59132 | Crypt:2  | You fall into a shaft and drop 1 floor!
 59132 | Crypt:3  | Entered Level 3 of the Crypt
 59132 | Crypt:3  | Noticed Bai Suzhen
 59181 | Crypt:3  | Killed Bai Suzhen
 59182 | Crypt:3  | Reached skill level 10 in Earth Magic
 59340 | Crypt:3  | Found a staircase to the Tomb.
 59609 | Crypt:3  | Found an ancient bone altar of Kikubaaqudgha.
 59609 | Crypt:3  | Noticed a dread lich
 59612 | Crypt:3  | Killed a dread lich
 59625 | Crypt:3  | Found a basalt altar of Yredelemnul.
 59642 | Crypt:3  | Identified the ring "Dirovvo" {rPois rN+}
 59642 | Crypt:3  | Identified the ring of Harmony {rF+ rN+ Will+ Str+2 Int+4}
 59642 | Crypt:3  | Identified the ring of Taiptez {rC- rN+ Str+8}
 59774 | Crypt:3  | Identified the ring "Vathraep" {Str+3 SInv}
 59776 | Crypt:3  | Identified the ring of the Ban {Will+ Slay+2}
 60674 | Crypt:3  | Identified the ring "Fetigh" {rPois rCorr Str+4 Int+2}
 61228 | Pan      | Entered Pandemonium
 61509 | Pan      | Entered the realm of Mnoleg.
 61543 | Pan      | Noticed Mnoleg
 61555 | Pan      | Gained mutation: Your body sometimes deteriorates upon
                  | taking damage. [Mnoleg's mutagenic touch]
 61556 | Pan      | Killed Mnoleg
 61577 | Pan      | Got a glowing rune of Zot
 61784 | Pan      | Noticed Loikof Hequ the pandemonium lord
 61788 | Pan      | Killed Loikof Hequ the pandemonium lord
 62002 | Pan      | Identified the +8 flail of Dried Tears {vorpal, Stlth+}
 62018 | Pan      | Entered the realm of Lom Lobon.
 62344 | Pan      | Noticed Lom Lobon
 62359 | Pan      | Killed Lom Lobon
 62377 | Pan      | Got a magical rune of Zot
 62730 | Pan      | Identified the +0 pair of boots of Pessimism {rPois}
 62775 | Pan      | Entered the realm of Gloorx Vloq.
 62823 | Pan      | Noticed Gloorx Vloq
 62830 | Pan      | Killed Gloorx Vloq
 62887 | Pan      | Got a dark rune of Zot
 62898 | Pan      | Found an exit through the horrors of the Abyss.
 62922 | Pan      | Found an exit through the horrors of the Abyss.
 63419 | Pan      | Noticed Efol the pandemonium lord
 63425 | Pan      | Killed Efol the pandemonium lord
 63472 | Pan      | Noticed Wukolu the pandemonium lord
 63479 | Pan      | Killed Wukolu the pandemonium lord
 63643 | Pan      | Entered the realm of Cerebov.
 63712 | Pan      | Identified the +4 triple sword of Turom {spect, rElec Int-3
                  | Dex+4 Stlth-}
 63726 | Pan      | Identified the ring "Fidanael" {rN+ Int+5 Stlth+}
 63730 | Pan      | Got the Guide on Warped Necromancy
 63734 | Pan      | Identified the +4 great sword of Megalomania {spect, rPois
                  | rF+ rCorr Int+2}
 63767 | Pan      | Identified the ring of the Hippo {rPois rF+ rN+ Str+2}
 63768 | Pan      | Identified the +1 kite shield of the Four Villages {Int+4}
 63847 | Pan      | Found the +6 sword of Cerebov {flame}
 63847 | Pan      | Noticed Cerebov
 63855 | Pan      | Killed Cerebov
 63876 | Pan      | Got a fiery rune of Zot
 64052 | Pan      | Reached skill level 10 in Translocations
 64365 | Pan      | Noticed Lelaab the pandemonium lord
 64373 | Pan      | Killed Lelaab the pandemonium lord
 64393 | Pan      | Got a demonic rune of Zot
 64495 | Depths:3 | Escaped Pandemonium
 64736 | D:10     | You paid a toll of +5 ice dragon scales to enter a treasure
                  | trove
 64737 | Trove    | Entered a treasure trove
 64764 | Trove    | Got Sif Muna's Grimoire of Ice and Conjuration
 64792 | Trove    | Got Real Ido's Almanac of Supportive Earth
 64809 | Trove    | Got Sif Muna's Volume of Shifting Earth
 64810 | Trove    | Acquired a +1 hat of stealth
 64969 | Hell     | Entered the Vestibule of Hell
 64969 | Hell     | Noticed Geryon
 64973 | Hell     | Killed Geryon
 65072 | Hell     | Found a gateway to the Iron City of Dis.
 65078 | Dis:1    | Entered Level 1 of the Iron City of Dis
 65846 | Dis:6    | Found a huge runed gate.
 65846 | Dis:6    | Found a huge runed gate.
 65846 | Dis:6    | Found a huge runed gate.
 65851 | Dis:6    | Found a huge runed gate.
 65852 | Dis:6    | Found a huge runed gate.
 65853 | Dis:6    | Found a huge runed gate.
 65924 | Dis:7    | Entered Level 7 of the Iron City of Dis
 66039 | Dis:7    | Noticed the Serpent of Hell
 66043 | Dis:7    | Killed the Serpent of Hell
 66192 | Dis:7    | ffs
 66301 | Dis:7    | Identified the +6 war axe of Melee {drain, rElec rF- MP+9}
 66304 | Dis:7    | Found the +4 staff of Dispater
 66304 | Dis:7    | Noticed Dispater
 66311 | Dis:7    | Killed Dispater
 66324 | Dis:7    | Got the Volume of Harmful Clay
 66329 | Dis:7    | Got an iron rune of Zot
 66428 | Hell     | Found a gateway to the freezing wastes of Cocytus.
 66437 | Coc:1    | Entered Level 1 of Cocytus
 66465 | Coc:2    | Reached skill level 15 in Necromancy
 66709 | Coc:3    | You are sucked into a shaft and drop 1 floor!
 67178 | Coc:7    | Entered Level 7 of Cocytus
 67554 | Coc:7    | Noticed Antaeus
 67568 | Coc:7    | Killed Antaeus
 67595 | Coc:7    | Got an icy rune of Zot
 67677 | Hell     | Found a gateway to the ashen valley of Gehenna.
 67688 | Geh:1    | Entered Level 1 of Gehenna
 68228 | Geh:7    | Entered Level 7 of Gehenna
 68304 | Geh:7    | Found the +7 sceptre of Asmodeus
 68304 | Geh:7    | Noticed Asmodeus
 68312 | Geh:7    | Killed Asmodeus
 68317 | Geh:7    | Got an obsidian rune of Zot
 68451 | Hell     | Found a gateway to the decaying netherworld of Tartarus.
 68580 | Tar:1    | Entered Level 1 of Tartarus
 68652 | Tar:3    | You are sucked into a shaft and drop 1 floor!
 68954 | Tar:5    | Noticed an ancient lich
 68956 | Tar:5    | Killed an ancient lich
 68992 | Tar:5    | You are sucked into a shaft and drop 1 floor!
 69030 | Tar:7    | Entered Level 7 of Tartarus
 69108 | Tar:7    | Reached skill level 27 in Unarmed Combat
 69210 | Tar:7    | Found the +5 demon whip "Spellbinder" {antimagic, Will+}
 69326 | Tar:7    | Identified the +9 plate armour of Terror {Int+3}
 69599 | Tar:7    | Identified the ring "Ycuxim" {Fly rElec Int+4 Slay+5
                  | Stlth-}
 69714 | Tar:7    | Noticed Ereshkigal
 69719 | Tar:7    | Killed Ereshkigal
 69828 | Tar:7    | Got a bone rune of Zot
 69968 | Tar:7    | Identified the +5 quarterstaff "Vuibruo" {flame, rN+ Str+5
                  | Int+5}
 70643 | Slime:1  | Entered Level 1 of the Pits of Slime
 70768 | Slime:2  | You are sucked into a shaft and drop 2 floors!
 70865 | Slime:4  | Noticed Dissolution
 70866 | Slime:4  | Killed Dissolution
 70882 | Slime:4  | Reached skill level 10 in Air Magic
 71033 | Slime:5  | Entered Level 5 of the Pits of Slime
 71090 | Slime:5  | Noticed the Royal Jelly
 71098 | Slime:5  | Killed the Royal Jelly
 71142 | Slime:5  | Gained mutation: You are clumsy. (Dex -2) [a shining eye]
 71222 | Slime:5  | Identified the ring of Ohoskapn {rN+ EV+4 Int+2}
 71224 | Slime:5  | Got a slimy rune of Zot
 71232 | Slime:5  | Identified the +8 falchion of the Wilderness {vorpal, rCorr
                  | Str-4 Int+4}
 71261 | Slime:5  | Identified the +5 broad axe "Worm's Wrath" {freeze, rN+
                  | Str+4}
 71292 | Slime:5  | Identified the +9 hand crossbow of Peril {penet, Dex+4}
 71424 | Lair:5   | Lost mutation: Your body sometimes deteriorates upon taking
                  | damage. [potion of mutation]
 71424 | Lair:5   | Gained mutation: You sometimes lose the ability to read
                  | scrolls when taking damage. [potion of mutation]
 71424 | Lair:5   | Gained mutation: You expend magic power (3 MP) to
                  | strengthen your wands. [potion of mutation]
 71425 | Lair:5   | Lost mutation: You are partially covered in large bone
                  | plates. (SH +4) [potion of mutation]
 71425 | Lair:5   | Lost mutation: You are clumsy. (Dex -2) [potion of
                  | mutation]
 71425 | Lair:5   | Gained mutation: You passively dampen the noise of your
                  | surroundings. [potion of mutation]
 71425 | Lair:5   | Gained mutation: You are frail. (-10% HP) [potion of
                  | mutation]
 71425 | Lair:5   | Gained mutation: You are agile. (Dex +2) [potion of
                  | mutation]
 71426 | Lair:5   | Lost mutation: You expend magic power (3 MP) to strengthen
                  | your wands. [potion of mutation]
 71426 | Lair:5   | Lost mutation: You are frail. (-10% HP) [potion of
                  | mutation]
 71426 | Lair:5   | Gained mutation: You tend to lose your temper in combat.
                  | [potion of mutation]
 71426 | Lair:5   | Gained mutation: You are robust. (+10% HP) [potion of
                  | mutation]
 71427 | Lair:5   | Lost mutation: You have a pair of small horns on your head.
                  | [potion of mutation]
 71427 | Lair:5   | Lost mutation: You sometimes lose the ability to read
                  | scrolls when taking damage. [potion of mutation]
 71427 | Lair:5   | Gained mutation: You have a beak for a mouth. [potion of
                  | mutation]
 71427 | Lair:5   | Gained mutation: You are weak. (Str -2) [potion of
                  | mutation]
 71428 | Lair:5   | Lost mutation: You are weak. (Str -2) [potion of mutation]
 71428 | Lair:5   | Lost mutation: You are robust. (+10% HP) [potion of
                  | mutation]
 71428 | Lair:5   | Lost mutation: You tend to lose your temper in combat.
                  | [potion of mutation]
 71428 | Lair:5   | Lost mutation: You are agile. (Dex +2) [potion of mutation]
 71428 | Lair:5   | Gained mutation: You tend to lose your temper in combat.
                  | [potion of mutation]
 71428 | Lair:5   | Gained mutation: You have sharp toenails. [potion of
                  | mutation]
 71429 | Lair:5   | Lost mutation: You tend to lose your temper in combat.
                  | [potion of mutation]
 71429 | Lair:5   | Lost mutation: You have a beak for a mouth. [potion of
                  | mutation]
 71429 | Lair:5   | Lost mutation: You have sharp toenails. [potion of
                  | mutation]
 71429 | Lair:5   | Gained mutation: You evolve. [potion of mutation]
 71470 | Lair:3   | Killed dnasty's ghost
 71834 | Orc:2    | Bought a potion of cancellation for 96 gold pieces
 71881 | Orc:2    | Bought a potion of experience for 1650 gold pieces
 71882 | Orc:2    | Bought 2 potions of curing for 198 gold pieces
 71882 | Orc:2    | Bought a scroll of teleportation for 99 gold pieces
 71894 | Orc:2    | Bought a scroll of holy word for 90 gold pieces
 71894 | Orc:2    | Bought a scroll of amnesia for 42 gold pieces
 71894 | Orc:2    | Bought a scroll of magic mapping for 42 gold pieces
 71894 | Orc:2    | Bought a scroll of magic mapping for 42 gold pieces
 72213 | Snake:1  | Bought a scroll of immolation for 52 gold pieces
 72586 | Elf:1    | Bought a scroll of noise for 14 gold pieces
 72586 | Elf:1    | Bought a potion of resistance for 140 gold pieces
 73005 | Tomb:1   | Entered Level 1 of the Tomb of the Ancients
 73115 | Tomb:1   | Reached skill level 1 in Poison Magic
 73416 | Tomb:1   | Noticed a royal mummy
 73419 | Tomb:1   | Reached skill level 5 in Poison Magic
 73420 | Tomb:1   | Killed a royal mummy
 73569 | Tomb:1   | Noticed a royal mummy
 73573 | Tomb:1   | Killed a royal mummy
 73752 | Tomb:2   | Noticed a royal mummy
 73752 | Tomb:2   | Gained mutation: You sometimes lose the ability to read
                  | scrolls when taking damage. [mutagenic glow]
 73753 | Tomb:2   | Noticed a royal mummy
 73753 | Tomb:2   | Noticed a royal mummy
 73755 | Tomb:2   | Killed a royal mummy
 73762 | Tomb:2   | Gained mutation: Your body sometimes deteriorates upon
                  | taking damage. [mutagenic glow]
 73766 | Tomb:2   | Killed a royal mummy
 73772 | Tomb:2   | Gained mutation: You are frail. (-10% HP) [mutagenic glow]
 73786 | Tomb:2   | Killed a royal mummy
 73793 | Tomb:2   | Noticed a royal mummy
 73801 | Tomb:2   | Killed a royal mummy
 73831 | Tomb:2   | Lost mutation: You are frail. (-10% HP) [potion of
                  | mutation]
 73831 | Tomb:2   | Lost mutation: You evolve. [potion of mutation]
 73831 | Tomb:2   | Gained mutation: You are dopey. (Int -2) [potion of
                  | mutation]
 73843 | Tomb:2   | Lost mutation: You are dopey. (Int -2) [potion of mutation]
 73843 | Tomb:2   | Lost mutation: You sometimes lose the ability to read
                  | scrolls when taking damage. [potion of mutation]
 73843 | Tomb:2   | Gained mutation: Your mind is acute. (Int +2) [potion of
                  | mutation]
 73843 | Tomb:2   | Gained mutation: You are partially covered in large bone
                  | plates. (SH +4) [potion of mutation]
 74190 | Tomb:2   | Reached skill level 10 in Poison Magic
 74275 | Tomb:1   | Noticed a royal mummy
 74278 | Tomb:1   | Killed a royal mummy
 74330 | Tomb:1   | Noticed a royal mummy
 74333 | Tomb:1   | Killed a royal mummy
 74334 | Tomb:1   | Noticed a royal mummy
 74337 | Tomb:1   | Killed a royal mummy
 74346 | Tomb:1   | Noticed a royal mummy
 74346 | Tomb:1   | Noticed a royal mummy
 74347 | Tomb:1   | Noticed a royal mummy
 74350 | Tomb:1   | Killed a royal mummy
 74354 | Tomb:1   | Killed a royal mummy
 74354 | Tomb:1   | Killed a royal mummy
 74421 | Tomb:1   | Noticed a royal mummy
 74424 | Tomb:1   | Killed a royal mummy
 74501 | Tomb:1   | Noticed a royal mummy
 74503 | Tomb:1   | Killed a royal mummy
 74510 | Tomb:1   | Noticed a royal mummy
 74511 | Tomb:1   | Noticed a royal mummy
 74515 | Tomb:1   | Killed a royal mummy
 74518 | Tomb:1   | Killed a royal mummy
 74601 | Tomb:1   | Noticed a royal mummy
 74609 | Tomb:1   | Killed a royal mummy
 74705 | Tomb:2   | Gained mutation: You tend to lose your temper in combat.
                  | [mutagenic glow]
 74720 | Tomb:2   | Gained mutation: You are weak. (Str -2) [mutagenic glow]
 74751 | Tomb:2   | Gained mutation: You are very weak. (Str -4) [mutagenic
                  | glow]
 74758 | Tomb:2   | Gained mutation: You sometimes lose the ability to read
                  | scrolls when taking damage. [mutagenic glow]
 74763 | Tomb:2   | Lost mutation: Your body sometimes deteriorates upon taking
                  | damage. [potion of mutation]
 74763 | Tomb:2   | Lost mutation: You are partially covered in large bone
                  | plates. (SH +4) [potion of mutation]
 74763 | Tomb:2   | Gained mutation: You are frail. (-10% HP) [potion of
                  | mutation]
 74763 | Tomb:2   | Lost mutation: You are very weak. (Str -4) [potion of
                  | mutation]
 74763 | Tomb:2   | Lost mutation: You sometimes lose the ability to read
                  | scrolls when taking damage. [potion of mutation]
 75359 | Depths:1 | Voluntarily entered the Abyss.
 75400 | Depths:1 | Escaped the Abyss
 75661 | Depths:2 | Found Woanut's Demolitions Depot.
 75673 | Depths:2 | Bought a scroll of immolation for 63 gold pieces
 75673 | Depths:2 | Bought a scroll of immolation for 63 gold pieces
 75865 | Depths:2 | Voluntarily entered the Abyss.
 75929 | Abyss:2  | Found a corrupted altar of Lugonu.
 76251 | Abyss:2  | Gained mutation: You sometimes lose the ability to read
                  | scrolls when taking damage. [a cacodemon]
 76251 | Abyss:2  | Lost mutation: Your mind is acute. (Int +2) [a cacodemon]
 76254 | Abyss:2  | ffs
 76256 | Depths:2 | Escaped the Abyss
 76375 | Pan      | Entered Pandemonium
 76833 | Pan      | Noticed Woagaokk the pandemonium lord
 76839 | Pan      | Killed Woagaokk the pandemonium lord
 77051 | Pan      | Noticed Seam the pandemonium lord
 77183 | Pan      | Killed Seam the pandemonium lord
 77184 | Pan      | Reached skill level 15 in Poison Magic
 77271 | Pan      | Noticed Onloiv the pandemonium lord
 77278 | Pan      | Killed Onloiv the pandemonium lord
 77598 | Pan      | Gained mutation: Your body sometimes deteriorates upon
                  | taking damage. [a cacodemon]
 77641 | Pan      | Gained mutation: You heal very quickly. [a neqoxec]
 78239 | Pan      | Found an exit through the horrors of the Abyss.
 78349 | Pan      | Learned a level 5 spell: Lee's Rapid Deconstruction
 78390 | Pan      | Noticed Ygerauwofi the pandemonium lord
 78485 | Pan      | Noticed Zyfitom the pandemonium lord
 78491 | Pan      | Killed Zyfitom the pandemonium lord
 78603 | Pan      | Found an exit through the horrors of the Abyss.
 78925 | Pan      | Found an exit through the horrors of the Abyss.
 79408 | Pan      | Noticed Kaiseint the pandemonium lord
 79420 | Pan      | Killed Kaiseint the pandemonium lord
 79476 | Pan      | Gained mutation: Your magical capacity is low. (-10% MP) [a
                  | cacodemon]
 79548 | Pan      | Noticed Egaongel the pandemonium lord
 79553 | Pan      | Killed Egaongel the pandemonium lord
 79710 | Pan      | Noticed Ulil the pandemonium lord
 79713 | Pan      | Killed Ulil the pandemonium lord
 79714 | Pan      | Reached skill level 15 in Spellcasting
 79937 | Pan      | Noticed Keuhygai the pandemonium lord
 79943 | Pan      | Killed Keuhygai the pandemonium lord
 79957 | Pan      | Found a glowing silver altar of Zin.
 80238 | Pan      | Noticed a seraph
 80239 | Pan      | Found a glowing golden altar of the Shining One.
 80242 | Pan      | Killed a seraph
 80265 | Pan      | Identified the +4 war axe of Mext {speed, *Rage +Blink
                  | rN+++}
 80267 | Pan      | Identified the +5 dagger of the Imperium {venom, rF+}
 80277 | Pan      | Identified the +2 chain mail of Twilight {Int+5}
 80280 | Pan      | Identified the +0 ring mail of Hauheof {rN+ Slay+3}
 80287 | Pan      | Identified the +0 buckler of Nofred {+Blink rElec Int-3
                  | Slay+2}
 80887 | Pan      | Found a white marble altar of Elyvilon.
 81034 | Pan      | Reached skill level 27 in Fighting
 81041 | Pan      | Reached skill level 15 in Invocations
 81113 | Pan      | Identified the +4 tower shield of Wu Jian's Esteem {rPois
                  | rF- Regen+ Stlth+}
 81297 | Pan      | Identified the +0 tower shield of Maher {Drain rN++ Str+2
                  | Int+2}
 81494 | Pan      | Found an exit through the horrors of the Abyss.
 81505 | Pan      | Noticed Ecu Wouw the pandemonium lord
 81507 | Pan      | Killed Ecu Wouw the pandemonium lord
 81557 | Pan      | Took an exit into the Abyss.
 81557 | Abyss:1  | Escaped into the Abyss
 81561 | Abyss:1  | Found a corrupted altar of Lugonu.
 81942 | Abyss:2  | Reached skill level 5 in Stealth
 81996 | Abyss:2  | Found a stormy altar of Qazlal.
 82019 | Abyss:2  | Identified the ring "Tuypsoest" {*Corrode rPois Will+++
                  | AC+4 Stlth+}
 82250 | Abyss:5  | Entered Level 5 of the Abyss
 82259 | Abyss:5  | Found a shimmering altar of Xom.
 82259 | Abyss:5  | Found a shimmering altar of Xom.
 82260 | Abyss:5  | Found a shimmering altar of Xom.
 82261 | Abyss:5  | Found a shimmering altar of Xom.
 82261 | Abyss:5  | Found a shimmering altar of Xom.
 82262 | Abyss:5  | Found a shimmering altar of Xom.
 82263 | Abyss:5  | Found a shimmering altar of Xom.
 82263 | Abyss:5  | Found a shimmering altar of Xom.
 82263 | Abyss:5  | Found a corrupted altar of Lugonu.
 82263 | Abyss:5  | Found a shimmering altar of Xom.
 82263 | Abyss:5  | Found a shimmering altar of Xom.
 82263 | Abyss:5  | Found a shimmering altar of Xom.
 82263 | Abyss:5  | Found a shimmering altar of Xom.
 82263 | Abyss:5  | Found a shimmering altar of Xom.
 82263 | Abyss:5  | Found a shimmering altar of Xom.
 82864 | Abyss:5  | Found a burning altar of Makhleb.
 82864 | Abyss:5  | Found a corrupted altar of Lugonu.
 83026 | Depths:3 | Escaped the Abyss
 83200 | Depths:2 | Voluntarily entered the Abyss.
 83245 | Depths:2 | Escaped the Abyss
 83247 | Depths:2 | Voluntarily entered the Abyss.
 83273 | Abyss:1  | Identified the ring of Daisies {Will+ Str-2 Int+3}
 83287 | Depths:2 | Escaped the Abyss
 83289 | Depths:2 | Voluntarily entered the Abyss.
 83298 | Depths:2 | Escaped the Abyss
 83300 | Depths:2 | Voluntarily entered the Abyss.
 83428 | Depths:2 | Escaped the Abyss
 83430 | Depths:2 | Voluntarily entered the Abyss.
 83527 | Depths:2 | Escaped the Abyss
 83529 | Depths:2 | Voluntarily entered the Abyss.
 83577 | Depths:2 | Escaped the Abyss
 83579 | Depths:2 | Voluntarily entered the Abyss.
 83589 | Depths:2 | Escaped the Abyss
 83591 | Depths:2 | Voluntarily entered the Abyss.
 83690 | Abyss:2  | Identified the +6 tower shield of Ymedutie {*Corrode rPois
                  | Str+4 SInv}
 84018 | Depths:2 | Escaped the Abyss
 84020 | Depths:2 | Voluntarily entered the Abyss.
 84020 | Abyss:1  | Found a corrupted altar of Lugonu.
 84037 | Abyss:1  | Found a sparkling altar of Nemelex Xobeh.
 84050 | Depths:2 | Escaped the Abyss
 84052 | Depths:2 | Voluntarily entered the Abyss.
 84103 | Depths:2 | Escaped the Abyss
 84105 | Depths:2 | Voluntarily entered the Abyss.
 84108 | Abyss:1  | Identified the +1 kite shield "Setaole" {rPois}
 84332 | Depths:2 | Escaped the Abyss
 84334 | Depths:2 | Voluntarily entered the Abyss.
 84334 | Abyss:1  | Found a corrupted altar of Lugonu.
 84334 | Abyss:1  | Found a corrupted altar of Lugonu.
 84367 | Abyss:1  | Found a hide-covered altar of Uskayaw.
 84468 | Depths:2 | Escaped the Abyss
 84470 | Depths:2 | Voluntarily entered the Abyss.
 84616 | Depths:2 | Escaped the Abyss
 84618 | Depths:2 | Voluntarily entered the Abyss.
 84710 | Depths:2 | Escaped the Abyss
 84712 | Depths:2 | Voluntarily entered the Abyss.
 84725 | Depths:2 | Escaped the Abyss
 84727 | Depths:2 | Voluntarily entered the Abyss.
 84742 | Depths:2 | Escaped the Abyss
 84744 | Depths:2 | Voluntarily entered the Abyss.
 84832 | Depths:2 | Escaped the Abyss
 84834 | Depths:2 | Voluntarily entered the Abyss.
 84834 | Abyss:1  | Found a corrupted altar of Lugonu.
 84834 | Abyss:1  | Found a corrupted altar of Lugonu.
 84896 | Abyss:2  | Identified the +0 robe "Xuymeh" {rC++ Str+3}
 84951 | Depths:2 | Escaped the Abyss
 84953 | Depths:2 | Voluntarily entered the Abyss.
 84954 | Abyss:1  | Found a hide-covered altar of Uskayaw.
 85090 | Depths:2 | Escaped the Abyss
 85092 | Depths:2 | Voluntarily entered the Abyss.
 85113 | Depths:2 | Escaped the Abyss
 85115 | Depths:2 | Voluntarily entered the Abyss.
 85126 | Depths:2 | Escaped the Abyss
 85128 | Depths:2 | Voluntarily entered the Abyss.
 85139 | Depths:2 | Escaped the Abyss
 85141 | Depths:2 | Voluntarily entered the Abyss.
 85177 | Depths:2 | Escaped the Abyss
 85179 | Depths:2 | Voluntarily entered the Abyss.
 85216 | Depths:2 | Escaped the Abyss
 85218 | Depths:2 | Voluntarily entered the Abyss.
 85232 | Depths:2 | Escaped the Abyss
 85234 | Depths:2 | Voluntarily entered the Abyss.
 85256 | Abyss:2  | Found a corrupted altar of Lugonu.
 85273 | Depths:2 | Escaped the Abyss
 85287 | Depths:2 | Voluntarily entered the Abyss.
 85374 | Depths:2 | Escaped the Abyss
 85376 | Depths:2 | Voluntarily entered the Abyss.
 85388 | Depths:2 | Escaped the Abyss
 85390 | Depths:2 | Voluntarily entered the Abyss.
 85429 | Depths:2 | Escaped the Abyss
 85431 | Depths:2 | Voluntarily entered the Abyss.
 85482 | Depths:2 | Escaped the Abyss
 85486 | Depths:2 | Voluntarily entered the Abyss.
 85545 | Abyss:2  | Found a corrupted altar of Lugonu.
 85662 | Depths:2 | Escaped the Abyss
 85664 | Depths:2 | Voluntarily entered the Abyss.
 85730 | Depths:2 | Escaped the Abyss
 85746 | Depths:2 | Voluntarily entered the Abyss.
 85750 | Depths:2 | Escaped the Abyss
 85756 | Depths:2 | Voluntarily entered the Abyss.
 85819 | Depths:2 | Escaped the Abyss
 85821 | Depths:2 | Voluntarily entered the Abyss.
 85821 | Abyss:1  | Found a corrupted altar of Lugonu.
 85840 | Depths:2 | Escaped the Abyss
 85842 | Depths:2 | Voluntarily entered the Abyss.
 85884 | Depths:2 | Escaped the Abyss
 85886 | Depths:2 | Voluntarily entered the Abyss.
 85981 | Depths:2 | Escaped the Abyss
 85983 | Depths:2 | Voluntarily entered the Abyss.
 86076 | Depths:2 | Escaped the Abyss
 86079 | Depths:2 | Voluntarily entered the Abyss.
 86113 | Depths:2 | Escaped the Abyss
 86115 | Depths:2 | Voluntarily entered the Abyss.
 86124 | Depths:2 | Escaped the Abyss
 86126 | Depths:2 | Voluntarily entered the Abyss.
 86195 | Depths:2 | Escaped the Abyss
 86197 | Depths:2 | Voluntarily entered the Abyss.
 86265 | Abyss:1  | Reached skill level 5 in Armour
 86332 | Depths:2 | Escaped the Abyss
 86334 | Depths:2 | Voluntarily entered the Abyss.
 86340 | Depths:2 | Escaped the Abyss
 86342 | Depths:2 | Voluntarily entered the Abyss.
 86342 | Abyss:1  | Found a corrupted altar of Lugonu.
 86354 | Depths:2 | Escaped the Abyss
 86356 | Depths:2 | Voluntarily entered the Abyss.
 86430 | Depths:2 | Escaped the Abyss
 86432 | Depths:2 | Voluntarily entered the Abyss.
 86517 | Depths:2 | Escaped the Abyss
 86519 | Depths:2 | Voluntarily entered the Abyss.
 86836 | Depths:2 | Escaped the Abyss
 86838 | Depths:2 | Voluntarily entered the Abyss.
 86849 | Depths:2 | Escaped the Abyss
 86863 | Depths:2 | Voluntarily entered the Abyss.
 86913 | Depths:2 | Escaped the Abyss
 86915 | Depths:2 | Voluntarily entered the Abyss.
 86926 | Depths:2 | Escaped the Abyss
 86928 | Depths:2 | Voluntarily entered the Abyss.
 86942 | Depths:2 | Escaped the Abyss
 86944 | Depths:2 | Voluntarily entered the Abyss.
 87003 | Abyss:1  | Acquired the ring of Geopra {rPois rF+ rN+ SInv}
 87016 | Depths:2 | Escaped the Abyss
 87023 | Depths:2 | Voluntarily entered the Abyss.
 87048 | Depths:2 | Escaped the Abyss
 87050 | Depths:2 | Voluntarily entered the Abyss.
 87136 | Depths:2 | Escaped the Abyss
 87138 | Depths:2 | Voluntarily entered the Abyss.
 87202 | Depths:2 | Escaped the Abyss
 87204 | Depths:2 | Voluntarily entered the Abyss.
 87235 | Depths:2 | Escaped the Abyss
 87237 | Depths:2 | Voluntarily entered the Abyss.
 87267 | Abyss:1  | Found a corrupted altar of Lugonu.
 87340 | Depths:2 | Escaped the Abyss
 87342 | Depths:2 | Voluntarily entered the Abyss.
 87354 | Depths:2 | Escaped the Abyss
 87356 | Depths:2 | Voluntarily entered the Abyss.
 87533 | Abyss:5  | Entered Level 5 of the Abyss
 87534 | Abyss:5  | Found a corrupted altar of Lugonu.
 87709 | Depths:2 | Escaped the Abyss
 87711 | Depths:2 | Voluntarily entered the Abyss.
 87711 | Abyss:1  | Found a corrupted altar of Lugonu.
 87718 | Abyss:1  | Noticed a dread lich
 87726 | Abyss:1  | Killed a dread lich
 87737 | Abyss:1  | Found a corrupted altar of Lugonu.
 87786 | Abyss:1  | Identified the +6 rapier "Sumuec" {vorpal, Dex+2}
 87801 | Depths:2 | Escaped the Abyss
 87803 | Depths:2 | Voluntarily entered the Abyss.
 87910 | Depths:2 | Escaped the Abyss
 87912 | Depths:2 | Voluntarily entered the Abyss.
 88180 | Depths:2 | Escaped the Abyss
 88182 | Depths:2 | Voluntarily entered the Abyss.
 88221 | Depths:2 | Escaped the Abyss
 88223 | Depths:2 | Voluntarily entered the Abyss.
 88274 | Depths:2 | Escaped the Abyss
 88276 | Depths:2 | Voluntarily entered the Abyss.
 88304 | Depths:2 | Escaped the Abyss
 88306 | Depths:2 | Voluntarily entered the Abyss.
 88447 | Depths:2 | Escaped the Abyss
 88449 | Depths:2 | Voluntarily entered the Abyss.
 88477 | Depths:2 | Escaped the Abyss
 88479 | Depths:2 | Voluntarily entered the Abyss.
 88491 | Depths:2 | Escaped the Abyss
 88493 | Depths:2 | Voluntarily entered the Abyss.
 88584 | Depths:2 | Escaped the Abyss
 88586 | Depths:2 | Voluntarily entered the Abyss.
 88592 | Depths:2 | Escaped the Abyss
 88594 | Depths:2 | Voluntarily entered the Abyss.
 88605 | Depths:2 | Escaped the Abyss
 88607 | Depths:2 | Voluntarily entered the Abyss.
 88615 | Depths:2 | Escaped the Abyss
 88617 | Depths:2 | Voluntarily entered the Abyss.
 88641 | Depths:2 | Escaped the Abyss
 88643 | Depths:2 | Voluntarily entered the Abyss.
 88756 | Depths:2 | Escaped the Abyss
 88758 | Depths:2 | Voluntarily entered the Abyss.
 88865 | Depths:2 | Escaped the Abyss
 88867 | Depths:2 | Voluntarily entered the Abyss.
 88960 | Abyss:1  | Found a blossoming altar of Fedhas.
 89155 | Abyss:1  | Found a corrupted altar of Lugonu.
 89200 | Depths:2 | Escaped the Abyss
 89202 | Depths:2 | Voluntarily entered the Abyss.
 89351 | Depths:2 | Escaped the Abyss
 89451 | Zot:1    | Entered Level 1 of the Realm of Zot
 89614 | Zot:1    | Found a large runed translucent door.
 89616 | Zot:1    | Found a large runed translucent door.
 89616 | Zot:1    | Found a large runed translucent door.
 89616 | Zot:1    | Found a shimmering altar of Xom.
 89616 | Zot:1    | Found a large runed translucent door.
 89617 | Zot:1    | Found a large runed translucent door.
 89617 | Zot:1    | Identified the +12 triple crossbow of Fuaqif {venom, Int+3}
 89803 | Zot:1    | Identified the +3 morningstar of Grim Expedience {drain,
                  | rPois Dex+4 Stlth+}
 90805 | Zot:1    | Identified the +9 longbow "Uroocig" {chaos, rC+ Dex+5}
 91187 | Zot:1    | Found a large runed translucent door.
 91188 | Zot:1    | Found a large runed translucent door.
 91188 | Zot:1    | Found a large runed translucent door.
 91194 | Zot:1    | Identified the +11 great sword "Mootufad" {chaos, Str+2}
 91255 | Zot:1    | Identified the +1 chain mail "Disar" {Harm Str+4}
 91257 | Zot:1    | Identified the +1 scale mail of Uskayaw's Hope {Rampage
                  | rCorr Str+2}
 91260 | Zot:1    | Noticed an orb of fire
 91802 | Zot:2    | Lost mutation: You tend to lose your temper in combat.
                  | [potion of mutation]
 91802 | Zot:2    | Lost mutation: You are frail. (-10% HP) [potion of
                  | mutation]
 91802 | Zot:2    | Lost mutation: Your body sometimes deteriorates upon taking
                  | damage. [potion of mutation]
 91802 | Zot:2    | Gained mutation: You expend magic power (3 MP) to
                  | strengthen your wands. [potion of mutation]
 91802 | Zot:2    | Gained mutation: You are partially covered in iridescent
                  | scales. (AC +2) [potion of mutation]
 91802 | Zot:2    | Gained mutation: You are occasionally teleported next to
                  | monsters. [potion of mutation]
 91806 | Zot:2    | Lost mutation: Your magical capacity is low. (-10% MP)
                  | [potion of mutation]
 91806 | Zot:2    | Lost mutation: You are weak. (Str -2) [potion of mutation]
 91806 | Zot:2    | Gained mutation: You tend to lose your temper in combat.
                  | [potion of mutation]
 91806 | Zot:2    | Gained mutation: You have a pair of small antennae on your
                  | head. [potion of mutation]
 91806 | Zot:2    | Gained mutation: You are agile. (Dex +2) [potion of
                  | mutation]
 93430 | Zot:5    | Entered Level 5 of the Realm of Zot
 93910 | Zot:4    | Found a transporter.
 93919 | Zot:4    | Noticed an ancient lich
 93925 | Zot:4    | Noticed an ancient lich
 94022 | Zot:4    | Found a transporter.
 94054 | Zot:4    | Identified the +5 tower shield of Duck's Teeth {Dex+5}
 94222 | Zot:4    | Learned a level 8 spell: Maxwell's Capacitive Coupling
 94597 | Zot:4    | Noticed Ereleyss's ghost (veteran TrMo)
 94871 | Zot:5    | Noticed an orb of fire
 94876 | Zot:5    | Gained mutation: You occasionally shout uncontrollably at
                  | your foes. [an orb of fire]
 94880 | Zot:5    | Killed an orb of fire
 94893 | Zot:5    | Paralysed by a Zot trap for 4 turns
 95028 | Zot:5    | Noticed an orb of fire
 95029 | Zot:5    | Gained mutation: Armour fits poorly on your strangely
                  | shaped body. [an orb of fire]
 95036 | Zot:5    | Killed an orb of fire
 95088 | Zot:5    | Noticed an ancient lich
 95089 | Zot:5    | Noticed an orb of fire
 95092 | Zot:5    | Killed an ancient lich
 95093 | Zot:5    | Killed an orb of fire
 95113 | Zot:5    | Noticed a dread lich
 95114 | Zot:5    | Noticed a dread lich
 95116 | Zot:5    | Killed a dread lich
 95118 | Zot:5    | Killed a dread lich
 95971 | Depths:2 | Voluntarily entered the Abyss.
 96344 | Depths:2 | Escaped the Abyss
 96346 | Depths:2 | Voluntarily entered the Abyss.
 96360 | Depths:2 | Escaped the Abyss
 96362 | Depths:2 | Voluntarily entered the Abyss.
 96512 | Depths:2 | Escaped the Abyss
 96514 | Depths:2 | Voluntarily entered the Abyss.
 96514 | Abyss:1  | Found a corrupted altar of Lugonu.
 96562 | Depths:2 | Escaped the Abyss
 96564 | Depths:2 | Voluntarily entered the Abyss.
 96590 | Abyss:1  | Found a large runed translucent door.
 96590 | Abyss:1  | Found a large runed translucent door.
 96591 | Abyss:1  | Found a large runed translucent door.
 96592 | Abyss:1  | Found a large runed translucent door.
 96592 | Abyss:1  | Found a large runed translucent door.
 96593 | Abyss:1  | Found a large runed translucent door.
 96594 | Abyss:1  | Found a large runed translucent door.
 96594 | Abyss:1  | Found a large runed translucent door.
 96623 | Abyss:1  | Found a large runed translucent door.
 96623 | Abyss:1  | Found a large runed translucent door.
 96624 | Abyss:1  | Found a large runed translucent door.
 96624 | Abyss:1  | Found a large runed translucent door.
 96626 | Abyss:1  | Found a large runed translucent door.
 96626 | Abyss:1  | Found a large runed translucent door.
 96630 | Abyss:1  | Found a large runed translucent door.
 96630 | Abyss:1  | Found a large runed translucent door.
 97066 | Depths:2 | Escaped the Abyss
 97068 | Depths:2 | Voluntarily entered the Abyss.
 97079 | Depths:2 | Escaped the Abyss
 97081 | Depths:2 | Voluntarily entered the Abyss.
 97081 | Abyss:1  | Found a corrupted altar of Lugonu.
 97085 | Depths:2 | Escaped the Abyss
 97087 | Depths:2 | Voluntarily entered the Abyss.
 97537 | Abyss:1  | Found a snail-covered altar of Cheibriados.
 97542 | Depths:2 | Escaped the Abyss
 97544 | Depths:2 | Voluntarily entered the Abyss.
 97544 | Abyss:1  | Found a corrupted altar of Lugonu.
 97547 | Abyss:1  | Found a corrupted altar of Lugonu.
 97562 | Depths:2 | Escaped the Abyss
 97565 | Depths:2 | Voluntarily entered the Abyss.
 97565 | Abyss:1  | Found a blossoming altar of Fedhas.
 97612 | Depths:2 | Escaped the Abyss
 97614 | Depths:2 | Voluntarily entered the Abyss.
 97673 | Depths:2 | Escaped the Abyss
 97675 | Depths:2 | Voluntarily entered the Abyss.
 97738 | Depths:2 | Escaped the Abyss
 97740 | Depths:2 | Voluntarily entered the Abyss.
 98044 | Depths:2 | Escaped the Abyss
 98046 | Depths:2 | Voluntarily entered the Abyss.
 98213 | Depths:2 | Escaped the Abyss
 98215 | Depths:2 | Voluntarily entered the Abyss.
 98224 | Depths:2 | Escaped the Abyss
 98226 | Depths:2 | Voluntarily entered the Abyss.
 98226 | Abyss:1  | Found a corrupted altar of Lugonu.
 98291 | Depths:2 | Escaped the Abyss
 98293 | Depths:2 | Voluntarily entered the Abyss.
 98293 | Abyss:1  | Found a corrupted altar of Lugonu.
 98302 | Depths:2 | Escaped the Abyss
 98304 | Depths:2 | Voluntarily entered the Abyss.
 98304 | Abyss:1  | Found a corrupted altar of Lugonu.
 98310 | Abyss:1  | Found a corrupted altar of Lugonu.
 98460 | Abyss:3  | Found a corrupted altar of Lugonu.
 98488 | Depths:2 | Escaped the Abyss
 98490 | Depths:2 | Voluntarily entered the Abyss.
 98495 | Abyss:1  | Found a corrupted altar of Lugonu.
 98759 | Depths:2 | Escaped the Abyss
 98761 | Depths:2 | Voluntarily entered the Abyss.
 98792 | Abyss:1  | Learned a level 9 spell: Shatter
 98905 | Depths:2 | Escaped the Abyss
 98907 | Depths:2 | Voluntarily entered the Abyss.
 99097 | Depths:2 | Escaped the Abyss
 99099 | Depths:2 | Voluntarily entered the Abyss.
 99125 | Depths:2 | Escaped the Abyss
 99127 | Depths:2 | Voluntarily entered the Abyss.
 99175 | Depths:2 | Escaped the Abyss
 99177 | Depths:2 | Voluntarily entered the Abyss.
 99183 | Depths:2 | Escaped the Abyss
 99185 | Depths:2 | Voluntarily entered the Abyss.
 99315 | Depths:2 | Escaped the Abyss
 99317 | Depths:2 | Voluntarily entered the Abyss.
 99611 | Depths:2 | Escaped the Abyss
 99613 | Depths:2 | Voluntarily entered the Abyss.
 99648 | Depths:2 | Escaped the Abyss
 99650 | Depths:2 | Voluntarily entered the Abyss.
 99787 | Depths:2 | Escaped the Abyss
 99888 | Depths:2 | Voluntarily entered the Abyss.
100071 | Abyss:2  | Found a corrupted altar of Lugonu.
100189 | Abyss:2  | Found a basalt altar of Yredelemnul.
100196 | Abyss:2  | Found a hazy altar of Hepliaklqana.
100213 | Abyss:3  | Found a corrupted altar of Lugonu.
100216 | Abyss:3  | Found a hide-covered altar of Uskayaw.
100273 | Depths:2 | Escaped the Abyss
100275 | Depths:2 | Voluntarily entered the Abyss.
100286 | Abyss:1  | Found a corrupted altar of Lugonu.
100301 | Depths:2 | Escaped the Abyss
100303 | Depths:2 | Voluntarily entered the Abyss.
100303 | Abyss:1  | Found a corrupted altar of Lugonu.
100557 | Abyss:2  | Found a corrupted altar of Lugonu.
100596 | Abyss:4  | Found a corrupted altar of Lugonu.
100647 | Abyss:4  | Lost mutation: You sometimes lose the ability to read
                  | scrolls when taking damage. [potion of mutation]
100647 | Abyss:4  | Lost mutation: You expend magic power (3 MP) to strengthen
                  | your wands. [potion of mutation]
100647 | Abyss:4  | Lost mutation: You are agile. (Dex +2) [potion of mutation]
100647 | Abyss:4  | Lost mutation: You have a pair of small antennae on your
                  | head. [potion of mutation]
100683 | Depths:2 | Escaped the Abyss
100685 | Depths:2 | Voluntarily entered the Abyss.
100745 | Depths:2 | Escaped the Abyss
100747 | Depths:2 | Voluntarily entered the Abyss.
100747 | Abyss:1  | Found a corrupted altar of Lugonu.
100985 | Abyss:3  | Found a hide-covered altar of Uskayaw.
101017 | Depths:2 | Escaped the Abyss
101651 | Depths:2 | Learned a level 8 spell: Necromutation
101942 | Crypt:1  | Noticed Boris
101947 | Crypt:1  | Killed Boris
103881 | Tomb:2   | Learned a level 3 spell: Ozocubu's Armour
103917 | Tomb:3   | Entered Level 3 of the Tomb of the Ancients
103920 | Tomb:3   | Noticed Boris
103928 | Tomb:3   | Noticed Khufu
103929 | Tomb:3   | Reached skill level 15 in Earth Magic
103929 | Tomb:3   | Killed Boris
103930 | Tomb:3   | Noticed a royal mummy
103934 | Tomb:3   | Noticed Jory
103936 | Tomb:3   | HP: 18/484 [bennu (7)]
103942 | Tomb:3   | Noticed a royal mummy
103943 | Tomb:3   | Noticed a royal mummy
103943 | Tomb:3   | Noticed a royal mummy
103946 | Tomb:3   | Identified the +7 tower shield of Ucadycw {rC++ Str+3
                  | Dex-2}
103946 | Tomb:3   | Noticed a royal mummy
103949 | Tomb:3   | HP: 20/484 [bennu (13)]
103949 | Tomb:3   | HP: 9/484 [bennu (11)]
103950 | Tomb:3   | Noticed a royal mummy
103953 | Tomb:3   | Slain by a royal mummy

Illustrated notes

###############*****************+
..##..##..##..##,,,*,,**,,**,,*,,
...............+,,,*,,*,,,,,,,,,,
...............#,,,*,,+,,,,,,,,,,
.............#######,,*,,,,,,,8,,
.............#.....#*****,,,,,8,,
.............+.....#,,,,*,,,,,,,,
....######...#..§..#,,,,*,,,,,,,,
###.#,,,,#...#..D..#,,,,*,,,,,8,,
..'.#,,,,+...#.....#,,,,*,,,,,8,,
..#.#,,,,#...#######,,,,*,,,,,,,,
#'###,,,,#....,*******+**,,,,,,,,
....#****###...*,,,*,,,,,,,,,,8,,
....#,,,,,,#...#,,,****+**,,,,8,,
....#,,,,,,+...#,,,*,,,,,*,,,,,,,
....#,,,,,,*,,,*,,,*,,,,,*,,,,,,,
....#*******,,,**+**,,,,,*,,,,8,,


Turn 66192 on Dis:7: ffs # ..##. . .# . ..#### ....# . .# ...##. #
#..#.##.#..##...# .. ##. ..#.#.#.#.#.#...# #...#.......#. #...# ......#.. #
.###.#...# #. .# ....###...##.##.# ## #. #.#.##...# # .#..#. #.#..D# .
####.##...### .#####. #....... #.......# #........ #........ ######## Turn 76254
on Abyss:2: ffs

Levels and vault maps discovered:
D:1:      dpeg_arrival_ternary, layout_basic, minmay_hexomino_u4
D:2:      layout_loops_cross
D:3:      layout_basic, nemelex_xobeh_ov_fountains_minmay,
          mainiacjoe_overflow_brackets, shapermc_ecumenical_altar_mp_highgroup
D:4:      layout_loops_cross, cheibrodos_sewer_entry_sluice, uniq_eustachio,
          uniq_edmund, uniq_sigmund, uniq_blork_the_orc
D:5:      layout_rooms, old_standard_altar, mainiacjoe_overflow_alcove_4,
          mainiacjoe_overflow_surrounded_room, old_standard_altar,
          nicolae_ru_sacrificial_ziggurat
D:6:      layout_loops_ring, grunt_dithmenos_smoke_and_mirrors,
          lemuel_temple_firewalk_a, enter_ossuary_5
D:7:      layout_layer_cave, nzn_wu_jian_council_hall, serial_shops,
          nicolae_inconvenience_store, uniq_prince_ribbit1
D:8:      cheibrodos_shockbox, layout_gridville, dk_xom_monty_hall,
          erik_lair_dragon, grunt_decor_arrowhead, kennysheep_windowed_goal
D:9:      layout_cave_pools, kennysheep_orc_monster_closet_entryway,
          ebering_ghost_reflecting_pool, minmay_misc_feat_diagonals
D:10:     cheibrodos_frozen_isle, layout_cave_pools, trog_butcher_becter,
          enter_trove_2, solitary_fountain, kennysheep_crisscross, uniq_maurice
D:11:     layout_stronghold
D:12:     layout_basic
D:13:     cheibrodos_orc_bank, layout_rooms, david_vaults_2, serial_glass,
          glass_columns_a, glass_columns_b, minmay_statue_bubble
D:14:     layout_long_grid, doesnt_xom_only_xom
D:15:     grunt_enter_depths_giant_problem, layout_small_grid,
          minmay_misc_feat_pillars, fedhas_altar_3
Temple:   pf_slime_end_temple
Lair:1:   layout_long_grid
Lair:2:   nzn_winding_woodlands_three_and_one
          [nzn_winding_woodlands_5x15_garden,
          nzn_winding_woodlands_5x15_sawtooth,
          nzn_winding_woodlands_5x15_lazy_stream,
          nzn_winding_woodlands_center_diamonds], layout_long_grid, basic_altar,
          special_room [special_room_bee], chequers_serial_rivers_small_a,
          beast_lair_carwin_6
Lair:3:   layout_chaotic_city, minmay_swamp_entry_worms,
          gammafunk_ghost_necromancy, gauntlet_entry_generic,
          chequers_serial_rivers_small_3
Lair:4:   layout_small_grid, guppyfry_snake_entry_island, grunt_megastairs_4,
          lemuel_fruit_tree
Lair:5:   layout_long_grid, slime_altar_1
Lair:6:   hellmonk_lair_end_abyssal_woods, layout_gridlike, special_room
          [special_room_mythical_zoo], lemuel_centaur_altar, uniq_snorg
Swamp:1:  layout_falls_marsh, hangedman_swamp_ruin_wall
Swamp:2:  layout_basic_swamp, evilmike_swamp_ruin_house_1, swamp_pool1
Swamp:3:  layout_basic_swamp, evilmike_swamp_ruin_house_4,
          infiniplex_staircase_pool
Swamp:4:  nzn_swamp_witches_coven, layout_basic_swamp, swamp_pool1
Snake:1:  layout_layer_cave, serial_shops, nicolae_shop_behind_doors
Snake:2:  layout_gridlike, serial_shops, nicolae_shop_statue_plus,
          ebering_ghost_rock_garden, uniq_saint_roka, uniq_aizul
Snake:3:  layout_honeycomb, abandoned_shop, minmay_shoptagon
Snake:4:  grunt_snake_rune_serpentine_throne, layout_misc_corridors,
          lightli_airlock, uniq_vashnia
Slime:1:  layout_caves
Slime:2:  layout_caves
Slime:3:  layout_caves
Slime:4:  layout_caves, nicolae_slime_barrier,
          cheibrodos_slime_lost_civilization_7, uniq_dissolution
Slime:5
Orc:1:    layout_caves
Orc:2:    grunt_orc_community_town_hall, layout_diamond_mine,
          grunt_orc_community_big_house_2, grunt_orc_community_big_house_2,
          grunt_orc_community_house_2, grunt_orc_community_house_3,
          grunt_orc_community_house_1, grunt_orc_community_house_2,
          serial_shops, nicolae_shop_overgrown_old_shop, shop,
          nicolae_shop_window_shopping, shop_fountains, nicolae_shop_trees
Elf:1:    layout_rooms, serial_shops, shop_coins, shop, nicolae_diamond_shop,
          shop_statue, minmay_elf_sorcery, uniq_louise
Elf:2:    nicolae_elf_blades_crystal_corner, layout_loops_corners,
          portal_ice_cave_entry_frozen_things, uniq_azrael, uniq_jorgrun
Elf:3:    grunt_elf_hall_branching, layout_onion_city
Vaults:1: vaults_mumra_lcd, nicolae_vaults_ring_of_whatevers,
          nicolae_vaults_lopsided_apartments, vaults_room_pools,
          vaults_room_door_hall, vaults_room_corners,
          nicolae_vaults_windows_and_doors_thing, v_alt_pattern_2,
          nicolae_vaults_ring_of_whatevers, nicolae_vaults_little_squares_6,
          vaults_room_door_ring, nicolae_vaults_network_barrier, v_rooms_5,
          grunt_vaults_diagonal, layout_vaults_omnibox
Vaults:2: v_misc_18, hangedman_vaults_locks, ontoclasm_vaults_misaligned,
          nicolae_vaults_little_squares_2, ontoclasm_vaults_bender,
          nicolae_vaults_alarming, nicolae_vaults_network_periphery,
          nicolae_vaults_murderbox, vaults_room_pool,
          nicolae_vaults_little_squares_3, minmay_crypt_entry_skeletal_spiral,
          layout_vaults_omnigrid
Vaults:3: hangedman_vaults_hat, v_alt_pattern_1, nicolae_vaults_border_crossing,
          nicolae_vaults_quartermaster, hangedman_vaults_maws,
          nicolae_vaults_big_ls, ontoclasm_vaults_eye, vaults_dpeg_diagonal,
          v_misc_27, nicolae_vaults_little_squares_6, nicolae_vaults_theta,
          layout_vaults_big_room
Vaults:4: vaults_mumra_chevron, gammafunk_sealed_library,
          nicolae_vaults_triangles, nicolae_vaults_network_s, serial_ice_g,
          vaults_dpeg_hooks, v_misc_5, hangedman_vaults_stitches,
          hangedman_vaults_slice, hangedman_vaults_slice,
          nicolae_vaults_shelves_hall, vaults_dpeg_encased_lava,
          ontoclasm_vaults_decontamination, vaults_room_octagon, v_misc_23,
          ontoclasm_vaults_gateway, layout_vaults_maze, uniq_margery
Vaults:5: serial_shops, uniq_sojobo
Crypt:1:  layout_regular_city, grunt_crypt_arrival_webbed, uniq_donald,
          uniq_boris, uniq_xtahua
Crypt:2:  layout_rooms, serial_sigils_hangedman_gut
Crypt:3:  lightli_unholy_cathedral, layout_chaotic_city,
          tomb_entry_sphere_bobbens, minivault_4, uniq_bai_suzhen
Tomb:1
Tomb:2
Tomb:3:   uniq_jory
Depths:1: layout_cave_pools, hangedman_coc_ice_floe, columned_hall_lemuel,
          abyss_entry_crystal, hangedman_decor_clover_reticule, minivault_12,
          serial_bayou_shore_b
Depths:2: minmay_the_grid_triangle_9x9_recursive_3
          [minmay_the_grid_triangle_9x9_sprig,
          minmay_the_grid_triangle_9x9_corruption,
          minmay_the_grid_triangle_9x9_impossible_snake,
          minmay_the_grid_triangle_9x9_prize_schism,
          minmay_the_grid_triangle_9x9_zippers_horizontal,
          minmay_the_grid_triangle_9x9_alien,
          minmay_the_grid_triangle_9x9_dagger,
          minmay_the_grid_triangle_9x9_flanged_cone,
          minmay_the_grid_triangle_9x9_semitri], layout_basic, abyss_entry,
          hell_entry, kennysheep_big_empty_room, nicolae_blasting_shop
Depths:3: hangedman_cross_stitches, layout_basic, grunt_pan_entry_in_and_out,
          minmay_misc_feat_ornament, grunt_hell_entry_dis_mu,
          infiniplex_staircase_split_hallway
Depths:4: dpeg_oklob_gauntlet, layout_cave_shapes, abyss_entry,
          grunt_hell_entry_demonic_statue, serial_shops, kennysheep_mini,
          chequers_serial_rivers_room_b
Depths:5: evilmike_zot_entry_basic, layout_long_grid, enter_ziggurat_d,
          pf_hell_entry_tar_river, nicolae_uskayaw_en_pointe, st_stairs_5
Hell
Dis:1:    lemuel_mystery_crypt, layout_regular_city
Dis:2:    layout_chaotic_city
Dis:3:    layout_gridville, grunt_megastairs_1
Dis:4:    layout_regular_city, nicolae_dis_iron_filings, lemuel_elevator
Dis:5:    layout_overlapping_boxes
Dis:6:    lemuel_dis_dragons, layout_overlapping_boxes, door_vault
Dis:7:    dis_st
Geh:1:    layout_gehenna_pools_box
Geh:2:    layout_gehenna_pools_basic, nicolae_geh_fiery_graves
          [nicolae_geh_single_fiery_grave, nicolae_geh_single_fiery_grave,
          nicolae_geh_single_fiery_grave, nicolae_geh_single_fiery_grave,
          nicolae_geh_single_fiery_grave, nicolae_geh_single_fiery_grave,
          nicolae_geh_single_fiery_grave, nicolae_geh_single_fiery_grave,
          nicolae_geh_single_fiery_grave]
Geh:3:    layout_gehenna_pools_triple
Geh:4:    layout_gehenna_lava_caves
Geh:5:    layout_gehenna_lava_caves
Geh:6:    layout_gehenna_pools_basic, lemuel_old_faithful, grunt_megastairs_2
Geh:7:    geh_old
Coc:1:    layout_ice_bergs
Coc:2:    layout_ice_bergs
Coc:3:    layout_cocytus_delve, grunt_megastairs_5
Coc:4:    layout_cocytus_water_paths
Coc:5:    layout_ice_bergs
Coc:6:    layout_cocytus_water_paths
Coc:7:    coc_dpeg
Tar:1:    layout_grid_maze
Tar:2:    layout_honeycomb
Tar:3:    layout_grid_maze
Tar:4:    layout_honeycomb, evilmike_ambush [evilmike_ambush_outer_corners,
          evilmike_ambush_inner_pond], grunt_megastairs_3
Tar:5:    layout_grid_maze
Tar:6:    layout_catacombs, nicolae_tar_cuneiform_heaven
Tar:7:    tar_mu [tar_mu_maze]
Zot:1:    layout_concentric_octagons, hangedman_xom_zot_hilarity
Zot:2:    layout_onion_interference
Zot:3:    layout_concentric_octagons, st_small_dragon_hoard_5, zot_minivault_5
Zot:4:    kennysheep_ambush_hall, layout_onion, gammafunk_ghost_abyssal_escape,
          hangedman_hellfire_club, lemuel_elevator
Zot:5:    layout_cathedral_of_symmetry, lemuel_golem_globe

Skill      XL: |  1  2  3  4  5  6  7  8  9 10 11 12 13 14 15 16 17 18 19 20 21 22 23 24 25 26 27 |
---------------+----------------------------------------------------------------------------------+-----
Unarmed Combat | 4 5 6 7 8 9 11 12 13 14 15 16 17 19 20 22 27 | 27.0
Invocations    | 2 4 5 6 7 8 9 15 | 15.5
Dodging        | 2 3 4 5 7 8 23 | 23.8
Fighting       | 3 4 5 7 8 9 10 11 12 13 27 | 27.0
Ice Magic      | 1 4 5 |  5.0
Spellcasting   | 2 3 4 6 7 8 9 10 11 20 | 20.4
Transmutations | 5 6 8 10 12 13 14 15 | 15.6
Evocations     | 3 4 |  4.8
Throwing       | 3 5 |  5.0
Translocations | 2 5 6 7 10 | 10.0
Armour         | 3 5 |  5.0
Summonings     | 3 |  3.0
Necromancy     | 3 7 9 10 15 | 15.4
Air Magic      | 6 8 12 | 12.0
Polearms       | 5 |  5.0
Shields        | 9 |  9.0
Earth Magic    | 16 | 16.0
Poison Magic   | 18 | 18.0
Stealth        | 9 |  9.6

Action                   |  1- 3 |  4- 6 |  7- 9 | 10-12 | 13-15 | 16-18 | 19-21 | 22-24 | 25-27 || total
-------------------------+-------+-------+-------+-------+-------+-------+-------+-------+-------++-------
Melee: Unarmed           |    20 |   137 |   341 |   340 |   943 |   683 |   795 |   248 |  6289 ||  9796
       Punch             |       |     3 |    13 |    38 |   110 |    46 |    49 |    24 |   243 ||   526
       Great sword       |       |       |       |       |     4 |       |       |       |       ||     4
       Tailslap          |       |       |       |       |       |    21 |    11 |     1 |   152 ||   185
       Bite              |       |       |       |       |       |    20 |    12 |       |    93 ||   125
       Staff             |       |       |       |       |       |       |     7 |    12 |    54 ||    73
       Headbutt          |       |       |       |       |       |       |       |       |    87 ||    87
Throw: Dart              |       |       |       |     2 |     2 |       |       |       |       ||     4
       Large rock        |       |       |       |       |    48 |    87 |     1 |       |     2 ||   138
 Cast: Frozen Ramparts   |       |       |    14 |    28 |    37 |     1 |       |       |       ||    80
       Ozocubu's Armour  |       |       |     6 |    42 |    79 |    36 |     6 |       |     7 ||   176
       Spider Form       |       |       |       |     1 |     5 |       |       |       |       ||     6
       Manifold Assault  |       |       |       |       |    10 |   153 |   204 |    64 |  1739 ||  2170
       Wereblood         |       |       |       |       |     7 |     8 |    10 |     5 |   113 ||   143
       Blink             |       |       |       |       |    13 |    11 |     2 |       |       ||    26
       Apportation       |       |       |       |       |       |    44 |    22 |     1 |   144 ||   211
       Summon Forest     |       |       |       |       |       |    24 |       |       |       ||    24
       Passwall          |       |       |       |       |       |     2 |    16 |       |   105 ||   123
       Sublimation of Bl |       |       |       |       |       |   187 |   212 |    59 |  1243 ||  1701
       Dragon Form       |       |       |       |       |       |    59 |    49 |     8 |   374 ||   490
       Storm Form        |       |       |       |       |       |       |    41 |    16 |   157 ||   214
       Passage of Golubr |       |       |       |       |       |       |       |     8 |   179 ||   187
       Eringya's Noxious |       |       |       |       |       |       |       |       |    18 ||    18
       Statue Form       |       |       |       |       |       |       |       |       |    70 ||    70
       Silence           |       |       |       |       |       |       |       |       |     7 ||     7
       Shatter           |       |       |       |       |       |       |       |       |     4 ||     4
       Lee's Rapid Decon |       |       |       |       |       |       |       |       |     3 ||     3
       Necromutation     |       |       |       |       |       |       |       |       |     3 ||     3
Invok: Bend Time         |       |     1 |       |       |       |       |       |       |       ||     1
       Slouch            |       |       |     1 |     1 |     3 |     6 |     3 |     2 |    13 ||    29
       Temporal Distorti |       |       |       |     4 |     4 |     2 |     3 |     3 |    15 ||    31
       Step From Time    |       |       |       |       |       |       |       |       |     5 ||     5
 Abil: Breathe Fire      |       |       |       |       |       |    13 |       |       |     6 ||    19
       End Transformatio |       |       |       |       |       |     5 |    23 |    10 |   110 ||   148
       Blinkbolt         |       |       |       |       |       |       |    16 |    10 |    75 ||   101
Evoke: Wand              |     1 |       |       |    71 |    29 |     2 |     6 |     1 |    34 ||   144
       Condenser vane    |       |       |       |       |     2 |       |       |       |     1 ||     3
       Lightning rod     |       |       |       |       |       |       |     1 |       |       ||     1
       Phantom mirror    |       |       |       |       |       |       |       |       |     1 ||     1
  Use: Scroll            |     1 |     5 |     1 |    15 |    15 |    11 |     5 |    14 |    96 ||   163
       Potion            |       |     3 |     2 |     7 |     9 |     7 |     1 |     8 |    69 ||   106
 Stab: Sleeping          |       |     4 |    15 |     5 |     4 |     1 |     1 |       |    28 ||    58
       Invisible         |       |     3 |     1 |     2 |       |       |       |       |     1 ||     7
       Distracted        |       |     1 |       |     1 |     1 |     6 |     3 |       |    17 ||    29
       Paralysed         |       |       |       |       |    11 |       |       |       |       ||    11
       Confused          |       |       |       |       |     1 |       |       |       |       ||     1
Armor: Robe              |    13 |    36 |    87 |   126 |    12 |       |     8 |     1 |    40 ||   323
       Steam dragon scal |       |       |       |       |   183 |       |       |       |       ||   183
       Skin              |       |       |       |       |     2 |    66 |   123 |    80 |  1361 ||  1632
       Troll leather arm |       |       |       |       |   110 |    30 |     1 |       |    30 ||   171
       Swamp dragon scal |       |       |       |       |       |    70 |       |       |       ||    70
Dodge: Dodged            |    24 |    69 |   149 |   271 |   723 |   290 |   462 |   319 |  4568 ||  6875
       Repelled          |       |       |       |       |       |       |    10 |    11 |    19 ||    40
Block: Other             |       |       |    29 |   100 |   254 |    72 |    21 |       |       ||   476
       Reflection        |       |       |     1 |    22 |     8 |     6 |    10 |       |       ||    47
       Kite shield       |       |       |       |       |       |       |       |       |  1276 ||  1276
